Cogmind - Beta 16 @@@ ROGUE MODE // 2025.12.04 @ 20:54:34 Player: Darby Result: Destroyed by P-80 Master with Gamma Rifle Performance ------------- Evolutions (9) 4500 Regions Visited (37) 7400 Robots Destroyed (1120) 5600 Value Destroyed (36926) 36926 Prototype IDs (62) 1240 Alien Tech Used (0) 0 Bonus (22162) 22162 TOTAL SCORE: 77828 Bonus ------- Triggered High Security 3000 High Alert Combat Kills 13686 Follower Combat Kills 2707 Entered Garrisons 400 Used RIF Installer 1000 Met Data Miner 300 MAIN.C Attacked Warlord 500 Warlord Defense Kills 1130 Friendly Fire -561 Cogmind --------- Core Integrity 0/1600 Matter 18/300 Energy 97/100 System Corruption 8% Temperature Cool (0) Movement Core (250) Ox4 Location -1/Access Parts ------- > --- POWER (2) -------- (None) > --- PROPULSION (6) --- (None) > --- UTILITY (14) ----- Advanced Terrain Scan Processor Improved Hacking Suite > --- WEAPON (3) ------- Enhanced Hardcell Cannon > --- INVENTORY (5) ---- Launcher Loader Peak State ------------ > --- POWER ------------ Backup Power III Backup Power VII > --- PROPULSION ------- Cooled Nuclear Pulse Thruster Field Propulsion Array Diametric Drive Q-thruster Electron Diverter > --- UTILITY ---------- Medium Storage Unit Structural Scanner Advanced Sensor Array Advanced Signal Interpreter Advanced Terrain Scan Processor Launcher Loader Improved Medium Armor Plating Improved Hacking Suite Improved Hacking Suite System Mapper Relay Coupler [Sentry] > --- WEAPON ----------- Enhanced Nova Cannon Smartbomb Launcher > --- INVENTORY -------- Cooled Field Propulsion Drive Experimental Sensor Array Matter Filter Advanced ECM Suite Advanced Trap Extractor Gamma Bomb Array Makeshift Sword [Rating: 134] Favorites ----------- Power Light Nuclear Core Engine Light Angular Momentum Engine Power Core Light Nuclear Core Reactor Micro Antimatter Reactor Propulsion Improved Cesium-ion Thruster Treads Improved Treads Wheel Wheel Hover Unit Combat Airjet Flight Unit Improved Cesium-ion Thruster Utility Structural Scanner Device Structural Scanner Storage Medium Storage Unit Processor Improved Signal Interpreter Hackware Hacking Suite Protection Improved Weapon Shielding Weapon Improved Light Cannon Energy Gun Improved Spread Laser Energy Cannon Heavy Plasma Cannon Ballistic Gun Assault Rifle Ballistic Cannon Improved Light Cannon Launcher Smartbomb Launcher Special Weapon Mining Laser Impact Weapon Maul Slashing Weapon Makeshift Sword Piercing Weapon Heavy Pick Special Melee Weapon Improved Datajack Build | -11 -10 -10 -9 -9 -9 -8 -8 -8 -8 -8 -7 -7 -7 -7 -7 -7 -6 -6 -6 -6 -6 -6 -6 -5 -5 -5 -5 -5 -5 -5 -4 -4 -4 -3 -3 -2 -1 ------- Run | Yrd Mat Min Mat Min Exi Min Mat Gar Mat Gar Fac Was Fac Low Low Zio Pro Fac Was Fac Low Low Dat Pro Fac Was Fac Upp Upp War Pro Fac Ext Res Tes Res Acc Slots Evolved 18 | . . . 2 . . . 2 . . . 2 . . . . . . 2 . . . . . . 2 . . . . . . 2 . 2 . 2 2 Power 1 | . . . . . . . . . . . . . . . . . . . . . . . . . 1 . . . . . . . . . . . . Propulsion 4 | . . . . . . . 2 . . . 1 . . . . . . . . . . . . . 1 . . . . . . . . . . . . Utility 12 | . . . 2 . . . . . . . 1 . . . . . . 1 . . . . . . . . . . . . . 2 . 2 . 2 2 Weapon 1 | . . . . . . . . . . . . . . . . . . 1 . . . . . . . . . . . . . . . . . . . Parts Attached 271 | 7 13 2 22 5 1 3 1 5 15 9 29 2 24 . 2 1 . 18 . 30 1 . . 3 7 3 5 5 5 . 1 15 1 11 10 4 11 Power 36 | 1 2 . 2 1 . . . . . 2 5 1 3 . 1 . . 2 . 3 1 . . . 1 3 1 . 1 . . . 1 2 1 . 2 Engine 7 | 1 1 . 1 . . . . . . 1 . . . . . . . . . 1 . . . . . . . . 1 . . . . 1 . . . Core 22 | . 1 . 1 1 . . . . . 1 5 1 3 . 1 . . 2 . 2 1 . . . 1 . 1 . . . . . . . 1 . . Reactor 7 | . . . . . . . . . . . . . . . . . . . . . . . . . . 3 . . . . . . 1 1 . . 2 Propulsion 80 | 2 3 1 6 . . 2 1 1 8 1 7 1 8 . . . . 4 . 12 . . . 1 3 . . 1 3 . . 7 . 2 1 1 4 Treads 15 | 1 2 1 6 . . . . 1 3 1 . . . . . . . . . . . . . . . . . . . . . . . . . . . Leg . | . . . . . . . . . . . . . . . . . . . . . . . . . . . . . . . . . . . . . . Wheel 10 | 1 1 . . . . 2 1 . 5 . . . . . . . . . . . . . . . . . . . . . . . . . . . . Hover 1 | . . . . . . . . . . . 1 . . . . . . . . . . . . . . . . . . . . . . . . . . Flight 54 | . . . . . . . . . . . 6 1 8 . . . . 4 . 12 . . . 1 3 . . 1 3 . . 7 . 2 1 1 4 Utility 98 | 2 1 . 6 1 1 1 . 2 2 5 14 . 9 . 1 . . 6 . 13 . . . 2 3 . 4 2 . . 1 8 . 5 4 1 4 Device 44 | 1 . . 1 . . 1 . . . 2 6 . 6 . 1 . . 2 . 5 . . . 1 1 . 1 2 . . 1 5 . 2 1 1 4 Storage 8 | 1 1 . . . 1 . . . 1 . 1 . . . . . . . . 2 . . . . . . . . . . . 1 . . . . . Processor 9 | . . . . . . . . . . . 2 . . . . . . . . 4 . . . . 1 . 1 . . . . . . 1 . . . Hackware 23 | . . . . . . . . . 1 2 5 . 2 . . . . 3 . 2 . . . . 1 . 2 . . . . 1 . 1 3 . . Protection 14 | . . . 5 1 . . . 2 . 1 . . 1 . . . . 1 . . . . . 1 . . . . . . . 1 . 1 . . . Artifact . | . . . . . . . . . . . . . . . . . . . . . . . . . . . . . . . . . . . . . . Weapon 57 | 2 7 1 8 3 . . . 2 5 1 3 . 4 . . 1 . 6 . 2 . . . . . . . 2 1 . . . . 2 4 2 1 Energy Gun 8 | 1 1 . 1 . . . . . 4 . . . . . . . . . . . . . . . . . . . . . . . . . 1 . . Energy Cannon 8 | . . . 1 . . . . . . . . . 1 . . . . 1 . . . . . . . . . 1 . . . . . 1 2 1 . Ballistic Gun 3 | 1 1 . 1 . . . . . . . . . . . . . . . . . . . . . . . . . . . . . . . . . . Ballistic Cannon 11 | . 2 . 2 1 . . . . . . 1 . 2 . . . . . . . . . . . . . . . 1 . . . . . . 1 1 Launcher 11 | . . 1 2 1 . . . . . . 1 . . . . . . 3 . 1 . . . . . . . . . . . . . 1 1 . . Special Weapon 4 | . 2 . . . . . . 1 . 1 . . . . . . . . . . . . . . . . . . . . . . . . . . . Impact Weapon 2 | . 1 . 1 . . . . . . . . . . . . . . . . . . . . . . . . . . . . . . . . . . Slashing Weapon 6 | . . . . . . . . 1 1 . 1 . 1 . . . . 1 . . . . . . . . . 1 . . . . . . . . . Piercing Weapon 1 | . . . . . . . . . . . . . . . . . . . . 1 . . . . . . . . . . . . . . . . . Special Melee Weapon 3 | . . . . 1 . . . . . . . . . . . 1 . 1 . . . . . . . . . . . . . . . . . . . Unidentified Prototypes 19 | . . . 2 . . . . . 1 . . . 1 . 1 . . 1 . 1 1 . . . . 2 . . . . . 2 . . 5 2 . Parts Lost 76 | . 1 . 1 . . 3 . 2 7 10 . . 2 . . . . 1 . 3 1 . . . 5 . 6 1 1 1 2 2 4 . . 9 14 Power 13 | . 1 . . . . . . . . 2 . . . . . . . . . 1 . . . . 2 . 1 . 1 1 . . 1 . . 2 1 Propulsion 28 | . . . . . . 2 . 1 4 5 . . . . . . . . . . . . . . 2 . 1 1 . . 1 1 1 . . 3 6 Utility 25 | . . . 1 . . 1 . 1 1 1 . . 1 . . . . 1 . 1 1 . . . 1 . 3 . . . 1 1 1 . . 3 6 Weapon 10 | . . . . . . . . . 2 2 . . 1 . . . . . . 1 . . . . . . 1 . . . . . 1 . . 1 1 Highest Loss Streak 8 | . 1 . 1 . . 1 . 1 2 3 . . 1 . . . . 1 . 1 1 . . . 2 . 6 1 1 1 3 1 4 . . 8 8 To Critical Strikes 1 | . . . . . . . . . . . . . . . . . . . . . . . . . . . . . . . . . . . . . 1 Average Backups 10 | 7 10 15 14 15 15 15 15 18 23 24 9 10 9 10 10 9 9 8 9 7 6 6 7 7 6 7 7 6 6 6 6 6 6 7 7 7 7 Power . | . . . . . . . . . . . . 1 . . . . . . . . . . . . . . 1 1 . . . . . . . . . Propulsion 1 | 4 3 3 3 4 5 4 3 3 4 4 1 2 2 2 1 1 1 . . . 1 1 1 1 . 1 . . . . . . 1 . . . . Utility 4 | 1 3 5 4 5 5 6 7 10 12 12 4 4 4 5 5 5 5 4 4 2 2 2 3 3 3 3 3 2 2 3 3 3 2 4 4 4 5 Weapon 3 | . 3 6 5 3 4 3 3 3 3 4 1 2 1 1 2 3 2 3 4 3 3 3 3 3 2 3 3 3 3 3 3 2 2 2 2 2 2 Tool/Special . | . . . . . . . . . . . . . . . . . . . . . . . . . . . . . . . . . . . . . . Unused Backups 27 | . 9 1 2 . . . . 3 2 . 2 . 1 . . . . 3 . . . . . . . . . . . . 1 . . . . 1 2 Power . | . . . . . . . . . . . . . . . . . . . . . . . . . . . . . . . . . . . . . . Propulsion 6 | . 4 . . . . . . . . . . . 1 . . . . . . . . . . . . . . . . . . . . . . 1 . Utility 19 | . 5 1 1 . . . . 3 2 . 2 . . . . . . 3 . . . . . . . . . . . . . . . . . . 2 Weapon 1 | . . . . . . . . . . . . . . . . . . . . . . . . . . . . . . . 1 . . . . . . Tool/Special 1 | . . . 1 . . . . . . . . . . . . . . . . . . . . . . . . . . . . . . . . . . Average Slot Usage (%) 87 | . 99 100 99 91 88 87 89 85 82 84 94 92 90 92 91 96 92 90 73 85 92 93 93 93 80 74 75 70 74 82 65 72 78 69 86 71 42 Engine 2 | . 11 . 9 . . . . . . 3 . . . . . . . . . 2 . . . . . 4 5 5 3 5 5 4 4 3 . 2 . Core 4 | . 2 14 1 11 11 11 9 9 9 4 6 7 7 7 7 7 7 6 6 3 6 6 6 6 9 . 1 5 2 . . . . . 3 3 . Treads 4 | . 15 14 11 11 11 11 18 18 22 9 . . . . . . . . . . . . . . . . . . . . . . . . . . . Wheel 4 | . 12 13 10 11 11 10 17 13 11 15 . . . . . . . . . . . . . . . . . . . . . . . . . . . Flight 19 | . . . . . . . . . . . 37 38 38 38 38 38 38 33 33 32 33 33 33 33 25 23 21 18 23 29 23 22 26 21 23 18 10 Device 13 | . 13 14 20 11 11 10 9 9 9 16 11 15 14 17 14 15 19 12 6 13 13 13 13 13 8 5 6 15 17 17 11 14 15 14 12 6 6 Storage 7 | . 14 14 11 11 11 11 9 9 9 9 7 7 7 7 7 7 7 6 6 6 6 6 6 6 5 5 5 5 5 5 5 5 5 4 4 4 3 Processor 5 | . . . . . . . . . . . 7 7 7 7 7 7 7 6 6 10 13 13 13 13 11 11 9 5 5 5 5 5 5 5 9 8 7 Hackware 3 | . . . . . . . . . . 4 9 7 3 . . . . 9 6 4 . . . . 4 5 7 3 . . . 4 5 5 15 16 11 Protection 4 | . . . 12 14 11 11 9 8 4 2 . . 1 1 6 7 3 3 . 2 6 6 6 6 . . . 1 5 5 5 7 5 1 4 3 . Ballistic Cannon 4 | . 15 27 17 13 . 14 15 11 2 . 1 . 1 2 . . 3 . . . . . . . . . . . . . . . . . . . 1 Impact Weapon 1 | . . . 3 7 11 6 2 . . . . . . . . . . . . . . . . . . . . . . . . . . . . . . Slashing Weapon 3 | . . . . . . . . 3 5 2 5 3 5 7 6 7 4 4 6 5 . . . . . . . 3 5 5 5 5 5 4 3 2 . Special Melee Weapon 1 | . . . . . 11 . . 1 2 1 1 . . . . 4 . 3 . . 6 6 6 6 5 5 3 . . . . . . . . . . Peak Build Rating 134 | 8 12 13 20 27 24 27 28 32 39 32 52 43 54 49 61 46 47 67 49 66 65 64 57 69 85 95 90 77 86 86 67 97 104 111 129 134 100 Average Rating 46 | 6 9 12 17 23 24 24 27 28 30 27 41 40 44 45 43 44 44 56 49 53 58 57 57 60 73 88 79 62 67 75 51 83 94 87 114 107 80 On Entrance 48 | . 8 12 13 19 24 24 25 28 32 29 27 42 35 46 44 43 46 43 49 49 56 57 57 57 58 70 90 58 61 75 67 50 93 62 107 114 62 Avg Prop Armor Cover (%) 8 | 12 10 8 7 5 6 5 9 10 18 13 6 . . . . . . 3 . . . . . . . . . . . . . . . . . 5 6 Naked Turns . | . . . . . . . . . . . . . . . . . . . . . . . . . . . . . . . . . . . . . . Heaviest Build 118 | 12 34 34 49 55 71 78 75 78 118 99 27 25 27 27 25 25 27 30 18 35 29 29 23 29 33 38 38 34 35 44 34 37 38 45 45 58 31 Greatest Support 49 | 10 40 20 23 10 10 10 20 46 43 32 27 25 30 27 27 27 27 32 28 32 29 29 29 30 40 40 40 33 41 41 41 43 43 46 49 49 41 Greatest Overweight (x) 11 | 1 3 3 4 5 7 7 3 7 11 9 1 . . . . . . 6 . 6 . . . . . . . 1 . 1 1 1 . . . 1 4 Average Overweight (x) . | . 1 2 3 4 6 7 3 4 6 3 . . . . . . . . . . . . . . . . . . . . . . . . . . . Largest Inventory Capacity 25 | 8 15 15 15 15 20 20 20 20 25 25 25 10 10 10 10 10 10 10 10 10 10 10 10 10 10 10 10 10 10 10 10 10 10 10 10 10 10 Average Capacity 12 | 7 11 15 15 15 18 20 20 20 24 25 10 10 10 10 10 10 10 10 10 10 10 10 10 10 10 10 10 10 10 10 10 10 10 10 10 10 9 Most Carried 25 | 8 15 15 15 15 17 17 17 20 25 25 22 10 10 10 10 10 10 10 10 10 10 10 10 10 10 10 10 10 10 10 10 10 9 10 10 10 10 Average Carried 11 | 7 10 15 14 14 15 15 15 18 23 24 9 10 9 9 10 9 9 9 10 9 8 9 10 9 9 9 9 9 9 9 9 9 8 9 9 9 9 Final Capacity 25 | 8 15 15 15 15 20 20 20 20 25 25 10 10 10 10 10 10 10 10 10 10 10 10 10 10 10 10 10 10 10 10 10 10 10 10 10 10 5 Final Carried 25 | 8 15 15 15 15 16 16 17 20 25 23 10 10 10 10 10 9 10 10 10 10 9 10 10 10 10 10 10 10 10 10 10 10 9 10 10 10 2 Class Distribution -------------------- 32% | Scout 31% | Mutant 8% | Derelict-Scout 6% | Hacker-Scout 4% | Bothacker-Mutant 4% | Hacker-Sprinter 3% | Sprinter Dominant Class ---------------- Mutant | -10/Materials Mutant | -10/Mines Mutant | -9/Materials Mutant | -9/Mines Mutant | -9/Exiles Mutant | -8/Mines Mutant | -8/Materials Mutant | -8/Garrison Bothacker-Mutant | -8/Materials Bothacker-Mutant | -8/Garrison Hacker-Sprinter | -7/Factory Scout | -7/Waste Scout | -7/Factory Scout | -7/Lower Caves Scout | -7/Lower Caves Scout | -7/Zion Infiltrator-Scout | -6/Proximity Caves Scout | -6/Factory Sprinter | -6/Waste Scout | -6/Factory Scout | -6/Lower Caves Scout | -6/Lower Caves Scout | -6/Data Miner Scout | -5/Proximity Caves Scout | -5/Factory Scout | -5/Waste Scout | -5/Factory Scout | -5/Upper Caves Derelict-Scout | -5/Upper Caves Derelict-Scout | -5/Warlord Derelict-Scout | -4/Proximity Caves Scout | -4/Factory Commander-Scout | -4/Extension Scout | -3/Research Hacker-Scout | -3/Testing Hacker-Scout | -2/Research Hacker-Mutant | -1/Access Resources | -11 -10 -10 -9 -9 -9 -8 -8 -8 -8 -8 -7 -7 -7 -7 -7 -7 -6 -6 -6 -6 -6 -6 -6 -5 -5 -5 -5 -5 -5 -5 -4 -4 -4 -3 -3 -2 -1 ----------- Run | Yrd Mat Min Mat Min Exi Min Mat Gar Mat Gar Fac Was Fac Low Low Zio Pro Fac Was Fac Low Low Dat Pro Fac Was Fac Upp Upp War Pro Fac Ext Res Tes Res Acc Matter Collected 27456 | 369 1542 545 2466 458 . 635 110 598 596 221 2839 303 1226 261 104 . 42 1827 . 4701 740 156 . 539 617 654 115 788 529 41 750 1041 1100 152 521 609 261 Remotely . | . . . . . . . . . . . . . . . . . . . . . . . . . . . . . . . . . . . . . . Salvage Created 36549 | 352 1706 632 2526 553 . 1205 97 859 1039 549 4286 214 1240 111 . . . 2669 . 7387 745 212 . 344 922 1210 301 401 123 261 727 1886 2062 152 674 891 213 Parts 1728 | 35 132 52 166 35 . 51 11 49 70 32 200 . 85 3 . . . 109 . 301 24 9 . 14 62 4 14 16 14 9 23 69 62 3 23 42 9 Haulers Intercepted 16 | . 2 . 6 . . . 1 . 1 . . . . . . . . 2 . 2 1 . . . . . . . . . . . 1 . . . . Recyclers Shooed 50 | 1 7 1 5 . . 1 . . . . 6 . . . . . . 6 . 9 . . . . 2 . 2 . . . . 3 1 . 1 3 2 Parts Field Recycled 2 | . . . . . . . . . . . . . . . . . . . . 2 . . . . . . . . . . . . . . . . . Retrieved Matter 28 | . . . . . . . . . . . . . . . . . . . . 28 . . . . . . . . . . . . . . . . . Parts Self-Destructed 74 | . . . . . . . . . . . . . . 3 15 . 1 . . . 12 4 . 10 . . . 12 8 . 9 . . . . . . Prevented 3 | . . . . . . . . . . . . . . . 3 . . . . . . . . . . . . . . . . . . . . . . Parts Restored . | . . . . . . . . . . . . . . . . . . . . . . . . . . . . . . . . . . . . . . Kills | -11 -10 -10 -9 -9 -9 -8 -8 -8 -8 -8 -7 -7 -7 -7 -7 -7 -6 -6 -6 -6 -6 -6 -6 -5 -5 -5 -5 -5 -5 -5 -4 -4 -4 -3 -3 -2 -1 ------- Run | Yrd Mat Min Mat Min Exi Min Mat Gar Mat Gar Fac Was Fac Low Low Zio Pro Fac Was Fac Low Low Dat Pro Fac Was Fac Upp Upp War Pro Fac Ext Res Tes Res Acc Combat Hostiles Destroyed 577 | . 9 8 51 16 . 13 1 17 26 20 39 1 25 . . . . 26 . 128 22 7 . 15 7 6 . 24 15 10 22 11 37 . 5 14 2 Melee 12 | . . . . . . . . . 6 . 2 . . . . . . . . 1 . . . . . . . 1 . . . 1 1 . . . . Guns 22 | . 4 . . . . . . . 3 15 . . . . . . . . . . . . . . . . . . . . . . . . . . . Cannons 57 | . 5 5 25 7 . 2 1 8 1 . 1 . . . . . . . . . . . . . . . . 1 . . . . . . . . 1 AOE 483 | . . 3 26 9 . 9 . 9 16 5 36 1 25 . . . . 26 . 126 22 7 . 15 7 6 . 22 15 10 22 10 36 . 5 14 1 Classes Destroyed 24 | 3 5 1 5 . . . . . 1 1 . 1 . . . . . . . 3 1 . . 1 . . . 1 . . . . 1 . . . . Worker 192 | 4 17 11 11 3 . 13 1 . 8 . 30 . 4 . . . . 18 . 42 . . . . 9 . 1 . . . . 9 4 1 1 3 2 Builder 117 | . 18 4 16 3 . 6 . . 6 . 16 . 4 . . . . 5 . 11 . . . . 11 . 1 . . . . 3 9 . . 2 2 Tunneler 50 | 9 3 6 1 2 . 4 . . . . 5 . 6 . . . . 6 . 6 . . . . . . . . . . . 1 . . . . 1 Hauler 16 | . 2 . 6 . . . 1 . 1 . . . . . . . . 2 . 2 1 . . . . . . . . . . . 1 . . . . Recycler 139 | 1 9 3 6 1 . 9 . . 2 . 36 . 5 . . . . 10 . 26 . . . . 4 . 2 . . . . 10 5 1 4 4 1 Carrier 1 | . . . . . . . . . . . . . . . . . . . . 1 . . . . . . . . . . . . . . . . . Minesweeper 2 | . . . . . . . . . . . . . . . . . . . . . . . . . . . . 1 . . 1 . . . . . . Mechanic 22 | . . . 4 . . . . . 1 . 2 . 4 . . . . 1 . 8 . . . . . . . . . . . 1 1 . . . . Operator 8 | . 1 . 1 . . . . . 2 . . . 1 . . . . . . 2 . . . . . . . . . . . 1 . . . . . Drone 6 | . . . . . . . . . . . . . . . . . . . . 3 . . . . . . . . . . . . . . . 3 . Watcher 56 | . 3 . 5 . . . . . 1 . 5 . 6 . . . . 8 . 7 . . . . 5 . 2 . . . . 4 3 . 2 4 1 Swarmer 129 | . . 3 3 . . 8 . 4 6 6 8 . 8 . . . . 4 . 13 8 7 . 1 4 . . 11 12 . 7 4 . . 5 5 2 Saboteur 8 | . . . . . . . . . . . . . . . . . . . . 8 . . . . . . . . . . . . . . . . . Grunt 277 | . 9 5 35 12 . 5 . 9 14 9 20 . 9 . . . . 15 . 66 7 . . 9 . . . 9 1 6 14 . 23 . . . . Brawler 24 | . . . 1 1 . . . 1 . 1 3 . 2 . . . . 1 . 8 . . . 1 . . . 1 . 2 . . 2 . . . . Duelist 21 | . . . 1 2 . . . . 2 1 3 . 2 . . . . 1 . 3 . . . 2 . . . . . 1 . . 3 . . . . Protector 10 | . . . 1 1 . . . . . . 2 . 1 . . . . . . 4 . . . . . . . . . 1 . . . . . . . Sentry 33 | . . . 10 . . . 1 5 3 1 . . . . . . . 2 . 4 2 . . 1 1 . . 1 1 . . . . . . 1 . Specialist 1 | . . . . . . . . . . . . . . . . . . . . . . . . . . . . . . . . . 1 . . . . Hunter 19 | . . . . . . . . . 1 . . . 2 . . . . 1 . 7 2 . . . . . . . 1 . . 2 3 . . . . Programmer 41 | . . . . . . . . . . 2 3 . 1 . . . . 2 . 12 3 . . . 2 . . 2 . . 1 5 3 . . 5 . Behemoth 2 | . . . . . . . . . . . . . . . . . . . . . . . . 1 . . . . . . . . 1 . . . . Compactor 7 | . . . . . . . . . . . . 1 . . . . . . . . . . . . . 6 . . . . . . . . . . . Decomposer 1 | . . . . . . . . . . . . . . . . . . . . . . 1 . . . . . . . . . . . . . . . Packrat 7 | . . . . . . . . . . . . . . 2 . . . . . . 3 2 . . . . . . . . . . . . . . . Samaritan 6 | . . . . . . . . . . . . . . . . . . . . . 3 . . . . . . . . . 3 . . . . . . Thug 1 | . . . . . . . . 1 . . . . . . . . . . . . . . . . . . . . . . . . . . . . . Savage 2 | . . . . . . . . . . . . . . . . . . . . . . . . . . . . 1 . . . . 1 . . . . Guerrilla 2 | . . . . . . . . . . . . . . . . . . . . . . . . . . . . . . . . . 2 . . . . Best Kill Streak 22 | 5 7 4 12 6 . 5 1 5 7 6 19 1 9 . . . . 17 . 13 6 4 . 7 15 3 2 7 5 10 4 6 22 1 5 14 3 Combat Bots Only 12 | . 2 2 9 5 . 4 1 5 5 6 11 1 8 . . . . 6 . 12 5 4 . 7 4 3 . 7 5 10 4 4 7 . 3 8 2 Max Kills in Single Turn 5 | 1 2 3 5 3 . 3 1 3 4 3 3 1 4 1 . . . 4 . 4 3 5 . 2 5 1 1 4 3 2 3 3 4 1 2 3 1 Gunslinging . | . . . . . . . . . . . . . . . . . . . . . . . . . . . . . . . . . . . . . . Exploded 5 | . . 2 5 2 . 3 . 3 2 3 2 1 3 . . . . 4 . 4 3 3 . 2 4 1 . 4 3 2 3 3 3 . 2 2 1 Melee 1 | . . . . . . . . . 1 . 1 . . . . . . . . 1 . . . . . . . 1 . . . 1 1 . . . . Uniques/NPCs Destroyed . | . . . . . . . . . . . . . . . . . . . . . . . . . . . . . . . . . . . . . . Combat | -11 -10 -10 -9 -9 -9 -8 -8 -8 -8 -8 -7 -7 -7 -7 -7 -7 -6 -6 -6 -6 -6 -6 -6 -5 -5 -5 -5 -5 -5 -5 -4 -4 -4 -3 -3 -2 -1 -------- Run | Yrd Mat Min Mat Min Exi Min Mat Gar Mat Gar Fac Was Fac Low Low Zio Pro Fac Was Fac Low Low Dat Pro Fac Was Fac Upp Upp War Pro Fac Ext Res Tes Res Acc Hostile Shots Fired 1378 | . 39 14 87 30 . 49 . 54 104 81 65 . 40 21 . . 14 64 . 157 5 4 . 5 38 . 66 4 3 1 15 35 64 . 27 85 207 Missed 609 | . 13 5 25 9 . 12 . 8 31 16 41 . 22 14 . . 9 36 . 89 1 3 . 3 17 . 34 2 1 1 10 21 43 . 16 40 87 Hits 769 | . 26 9 62 21 . 37 . 46 73 65 24 . 18 7 . . 5 28 . 68 4 1 . 2 21 . 32 2 2 . 5 14 21 . 11 45 120 Melee 2 | . . . 2 . . . . . . . . . . . . . . . . . . . . . . . . . . . . . . . . . . Projectile 767 | . 26 9 60 21 . 37 . 46 73 65 24 . 18 7 . . 5 28 . 68 4 1 . 2 21 . 32 2 2 . 5 14 21 . 11 45 120 AOE 5 | . . . . . . . . . . . . . 2 . . . . . . . . . . . . . . . . . . . 3 . . . . Critical Strikes 24 | . 1 . 1 1 . 3 . 2 . 3 . . . . . . . . . . . . . . . . . . . . . 1 4 . . 3 5 Actively Blocked 5 | . . . . . . . . . . . . . . . . . . . . . . . . . . . . . . . . 1 4 . . . . Part Disruptions 1 | . . . . . . . . . . . . . . . . . . . . 1 . . . . . . . . . . . . . . . . . Damage Taken 13741 | . 362 119 920 352 . 555 28 801 1254 1066 381 . 412 79 . . 60 400 . 1055 59 18 . 14 442 . 312 32 94 70 110 433 538 . 224 1014 2537 Core 3681 | . 130 24 122 28 . 55 . 101 146 217 97 . 85 16 . . 15 78 . 470 . . . . 38 . 28 . 52 . 23 21 161 . 23 128 1623 Absorbed by Shields 117 | . . . . . . . . . . . 8 . 4 . . . . . . 6 . . . . . . . . . . . . 17 . 17 65 . Redirected to Shielding 178 | . . . . . . . . . . . . . . . . . . . . 44 15 . . . . . . . . . . 50 69 . . . . Regen/Repaired (Parts) 435 | . . . 43 . . . . . . . 52 3 . . . . . 20 . 40 . . . . 74 42 11 . . . . 91 . 59 . . . Core Remaining (%) 66 | 100 . 38 . . . 48 . . . 15 . . . . . . 69 . . . . . . 35 . . . . . . 85 . 84 . 98 91 . Volleys Fired 1790 | 33 263 60 194 35 . 60 8 35 44 48 132 12 88 4 4 . 12 94 . 223 35 6 . 29 20 32 2 43 21 17 39 36 64 5 18 36 38 Largest 2 | 2 2 2 2 2 . 2 2 2 2 2 1 1 1 1 1 . 1 1 . 1 1 1 . 1 1 1 1 1 1 1 1 1 1 1 1 1 1 Hottest 150 | 60 100 66 66 66 . 66 66 66 150 150 43 43 75 40 40 . 40 90 . 90 46 46 . 46 46 46 46 98 98 46 98 98 46 113 113 120 58 Shots Fired 2313 | 66 402 115 349 59 . 109 12 59 66 79 131 12 88 4 4 . 12 94 . 215 34 6 . 27 20 32 2 41 20 17 39 36 64 5 18 38 38 Gun 319 | 66 157 . . . . . . . 32 64 . . . . . . . . . . . . . . . . . . . . . . . . . . . Cannon 1103 | . 214 112 325 48 . 104 12 51 12 . 40 . 47 4 4 . 12 23 . 24 . . . . . . . 11 3 . 2 2 . 5 2 9 37 Launcher 849 | . . 3 24 11 . 5 . 8 22 4 91 12 41 . . . . 71 . 191 34 6 . 27 20 32 2 30 17 17 37 34 64 . 16 29 1 Special 42 | . 31 . . . . . . . . 11 . . . . . . . . . . . . . . . . . . . . . . . . . . . Kinetic 1142 | 33 310 112 323 48 . 104 12 51 12 . 40 . 35 4 4 . 12 5 . . . . . . . . . . . . . . . . . . 37 Thermal 311 | 33 92 . 2 . . . . . 32 64 . . 12 . . . . 18 . 24 . . . . . . . 11 3 . 2 2 . 5 2 9 . Explosive 839 | . . 3 24 11 . 5 . 8 22 4 91 12 41 . . . . 65 . 187 34 6 . 27 20 32 2 30 17 17 37 34 64 . 16 29 1 Electromagnetic 10 | . . . . . . . . . . . . . . . . . . 6 . 4 . . . . . . . . . . . . . . . . . Robot Hit Streak 39 | 7 13 21 13 5 . 13 5 12 9 11 5 6 2 . . . . 4 . 6 . . . . 9 35 37 39 . . . 9 15 . 16 20 6 Robot Miss Streak 10 | 3 10 3 4 4 . 5 1 2 5 8 3 1 2 . . . . 1 . . . . . . . . . 2 . . . . . . . 2 2 Penetration Max . | . . . . . . . . . . . . . . . . . . . . . . . . . . . . . . . . . . . . . . Secondary Targets 1 | . . . . . . . . . . 1 . . . . . . . . . . . . . . . . . . . . . . . . . . . Max Gunslinging Chain 1 | . . . . . . . . . . 1 . . . . . . . . . . . . . . . . . . . . . . . . . . . Shots Hit Robots 1411 | 42 175 64 171 35 4 73 6 70 78 68 154 10 43 5 . 1 . 66 . 145 10 1 1 7 15 26 19 11 . . 10 36 17 2 8 17 21 Core Hits 1933 | 15 74 34 122 30 . 37 3 29 88 82 189 4 85 2 . . . 109 . 390 34 11 . 39 45 10 5 49 23 36 47 59 192 1 27 50 12 Critical Kills 5 | . 1 . . 1 . 1 1 . . . . . . . . . . . . 1 . . . . . . . . . . . . . . . . . Critical Parts Destroyed 10 | . . . 1 . . 7 . 2 . . . . . . . . . . . . . . . . . . . . . . . . . . . . . Critical Strikes 64 | . 5 4 7 2 . 10 2 4 4 . 3 . 1 . . . . 1 . 6 2 . . . 1 . 4 . . . . 2 2 . . 1 3 Meltdown 1 | . . . . . . . . . . . . . . . . . . . . 1 . . . . . . . . . . . . . . . . . Destroy 1 | . 1 . . . . . . . . . . . . . . . . . . . . . . . . . . . . . . . . . . . . Blast 25 | . 4 4 6 1 . 2 1 2 . . 2 . . . . . . . . . . . . . . . . . . . . . . . . . 3 Smash 13 | . . . 1 1 . 8 1 2 . . . . . . . . . . . . . . . . . . . . . . . . . . . . . Sever 17 | . . . . . . . . . 4 . 1 . 1 . . . . 1 . 5 . . . . . . . . . . . 2 2 . . 1 . Impale 7 | . . . . . . . . . . . . . . . . . . . . . 2 . . . 1 . 4 . . . . . . . . . . Melee Attacks 1469 | . 26 . 45 9 4 25 2 61 39 9 357 . 117 13 2 1 1 149 . 283 18 1 1 7 45 . 31 9 2 . 14 104 19 9 32 34 . Impact 123 | . 26 . 45 9 . 25 2 16 . . . . . . . . . . . . . . . . . . . . . . . . . . . . . Slashing 1202 | . . . . . . . . 29 35 7 349 . 115 13 2 . 1 147 . 282 . . . . . . . 8 2 . 14 104 19 9 32 34 . Piercing 95 | . . . . . . . . . . . . . . . . . . . . 1 16 1 . . 45 . 31 1 . . . . . . . . . Sneak Attacks 365 | . 3 . 5 6 4 18 1 16 12 1 81 . 17 2 . 1 . 41 . 85 8 1 1 7 9 . 5 1 . . 4 20 2 2 5 7 . Combat Hostiles 2 | . . . . . . . . . . . 1 . . . . . . . . . . . . . . . 1 . . . . . . . . . . Follow-up Attacks . | . . . . . . . . . . . . . . . . . . . . . . . . . . . . . . . . . . . . . . Damage Inflicted 152924 | 527 2924 1574 6704 2159 . 3574 171 2882 4819 1765 16976 1628 6374 248 . . . 9765 . 34509 3999 1033 . 2832 3211 4570 981 4130 1730 2213 5272 5412 13531 154 2193 3826 1238 Guns 3354 | 527 1129 . . . . . . . 533 1165 . . . . . . . . . . . . . . . . . . . . . . . . . . . Cannons 10304 | . 1627 1308 3397 390 . 1071 108 738 127 . 134 . . . . . . . . 62 . . . . . . . 296 . . . . . . . 129 917 Explosions 105971 | . . 266 2771 1269 . 826 . 1206 2722 493 9889 1628 4645 . . . . 6272 . 26281 3413 957 . 2832 2373 4570 151 3714 1730 2213 4652 3190 12992 . 1687 2909 320 Melee 33280 | . 168 . 527 500 . 1677 63 938 1432 107 6953 . 1729 248 . . . 3493 . 8166 586 76 . . 838 . 830 120 . . 620 2222 539 154 506 788 . Ramming 15 | . . . 9 . . . . . 5 . . . . . . . . . . . . . . . . . . . . . . . . . . . 1 Kinetic 10729 | 275 2264 1308 3397 390 . 1071 108 738 127 . 134 . . . . . . . . . . . . . . . . . . . . . . . . . 917 Thermal 4504 | 252 492 . . . . . . . 533 1165 166 . . . . . . . . 1198 . . . . 273 . . 296 . . . . . . . 129 . Explosive 103529 | . . 266 2771 1269 . 826 . 1206 2722 493 9723 1628 4645 . . . . 5859 . 24693 3413 957 . 2832 2100 4570 151 3714 1730 2213 4652 3188 12992 . 1687 2909 320 Electromagnetic 867 | . . . . . . . . . . . . . . . . . . 413 . 452 . . . . . . . . . . . 2 . . . . . Impact 3344 | . 168 . 527 500 . 1677 63 409 . . . . . . . . . . . . . . . . . . . . . . . . . . . . . Slashing 27606 | . . . . . . . . 529 1432 107 6953 . 1729 248 . . . 3493 . 8166 . . . . . . . 120 . . 620 2222 539 154 506 788 . Piercing 2330 | . . . . . . . . . . . . . . . . . . . . . 586 76 . . 838 . 830 . . . . . . . . . . Highest Corruption 23 | . . . . . . . . . . 1 7 7 7 . . . . . 8 23 23 23 23 23 7 7 19 19 19 19 1 4 4 . 1 5 8 Average Corruption 10 | . . . . . . . . . . 1 2 7 2 . . . . . 8 16 23 23 23 23 4 7 9 19 19 18 1 1 4 . 1 3 2 Corruption Purged 14 | . . . . . . . . . . . 2 . 10 . . . . . . . . . . . . . . . . . . 2 . . . . . Corruption Blocked . | . . . . . . . . . . . . . . . . . . . . . . . . . . . . . . . . . . . . . . Effects 554 | . . . . . . . . . . 7 23 9 13 . . . . . . 216 31 12 2 26 11 26 27 40 42 21 5 11 18 . 2 11 1 Message Errors 127 | . . . . . . . . . . 1 5 1 4 . . . . . . 41 14 6 1 5 2 4 7 6 10 7 1 5 4 . 1 2 . Matter Fused 126 | . . . . . . . . . . 2 2 . 1 . . . . . . 53 4 2 1 6 4 10 6 11 12 2 2 2 2 . 1 2 1 Heat Flow Errors 78 | . . . . . . . . . . 3 5 3 2 . . . . . . 28 5 . . 3 1 4 3 8 5 1 . 3 2 . . 2 . Energy Discharges 69 | . . . . . . . . . . . 3 1 4 . . . . . . 22 5 1 . 3 1 1 5 3 6 7 1 . 5 . . 1 . Parts Rejected 4 | . . . . . . . . . . . 1 1 . . . . . . . 2 . . . . . . . . . . . . . . . . . Parts Fused 7 | . . . . . . . . . . . . . . . . . . . . 2 . . . . . . . 1 1 2 . . . . . 1 . Data Loss (minor) 77 | . . . . . . . . . . 1 2 1 1 . . . . . . 32 2 3 . 7 3 4 4 6 5 2 1 . 2 . . 1 . Data Loss (major) 23 | . . . . . . . . . . . 2 2 1 . . . . . . 9 . . . . . 2 . 2 1 . . 1 3 . . . . Misfires 4 | . . . . . . . . . . . 1 . . . . . . . . 1 . . . . . . . . . . . . . . . 2 . Alerts 9 | . . . . . . . . . . . . . . . . . . . . 6 . . . . . 1 . 1 1 . . . . . . . . Misdirections 13 | . . . . . . . . . . . . . . . . . . . . 11 . . . . . . 2 . . . . . . . . . . Weapon Failures 17 | . . . . . . . . . . . 2 . . . . . . . . 9 1 . . 2 . . . 2 1 . . . . . . . . Overload Shots . | . . . . . . . . . . . . . . . . . . . . . . . . . . . . . . . . . . . . . . Overflow Damage 12768 | . 16 49 446 255 . 1060 . 349 207 . 2211 . 480 26 . . . 1065 . 2605 553 113 . 109 504 . 92 275 20 21 432 768 411 44 200 326 131 Projectiles 268 | . 7 38 45 . . 37 . . . . . . . . . . . . . . . . . . . . . . . . . . . . . 10 131 Explosions 3903 | . . 11 59 25 . 11 . 103 77 . 400 . 94 . . . . 184 . 1122 225 41 . 109 173 . 37 275 20 21 173 145 336 . 75 187 . Melee 8597 | . 9 . 342 230 . 1012 . 246 130 . 1811 . 386 26 . . . 881 . 1483 328 72 . . 331 . 55 . . . 259 623 75 44 125 129 . Knockbacks 103 | . 15 14 25 6 . 23 . 7 2 . 2 . . . . . . . . . . . . . . . . . . . . . . . . . 9 Impact 14 | . . . 4 3 . 5 . 1 1 . . . . . . . . . . . . . . . . . . . . . . . . . . . . Kinetic 85 | . 15 14 19 3 . 17 . 5 1 . 2 . . . . . . . . . . . . . . . . . . . . . . . . . 9 Secondary 4 | . . . 2 . . 1 . 1 . . . . . . . . . . . . . . . . . . . . . . . . . . . . . Self-Inflicted Damage 715 | . . . 54 66 . 44 . 169 136 33 55 . 5 . . . . 5 . 57 . . . . . . . . 3 . . . . . . 88 . Shots 26 | . . . 2 3 . 3 . 3 3 2 2 . 1 . . . . 1 . 2 . . . . . . . . 1 . . . . . . 3 . Rammed 6 | . . . 2 . . . . . 2 . . . . . . . . . . . . . . . . . . . . . . . 1 . . . 1 Targets Rammed 6 | . . . 2 . . . . . 2 . . . . . . . . . . . . . . . . . . . . . . . 1 . . . 1 Kicked . | . . . . . . . . . . . . . . . . . . . . . . . . . . . . . . . . . . . . . . Crushed . | . . . . . . . . . . . . . . . . . . . . . . . . . . . . . . . . . . . . . . Highest Temperature 406 | . 60 108 219 195 . 330 48 174 299 235 270 198 304 188 274 310 221 299 1 406 268 8 . 242 202 248 217 374 348 241 96 240 254 167 233 349 . Average Temperature 64 | . 16 24 38 64 . 113 16 53 107 82 18 131 95 60 104 146 98 57 1 85 89 8 . 79 20 103 87 102 88 91 44 70 32 34 51 101 . Received Heat Transfer 2502 | . 219 54 330 174 . 297 . 288 432 324 18 . 54 18 . . . 57 . 78 . . . . 45 . . . . . . . 96 . 18 . . Effects 26 | . . . . . . 1 . . 1 . 1 . 1 . . . 1 4 . 10 . . . . . 1 . 2 1 . . . . . . 3 . Shutdowns 3 | . . . . . . . . . . . . . . . . . . . . . . . . . . . . 2 . . . . . . . 1 . Energy Bleed 13 | . . . . . . 1 . . 1 . 1 . . . . . 1 1 . 6 . . . . . . . . 1 . . . . . . 1 . Interference 10 | . . . . . . . . . . . . . 1 . . . . 3 . 4 . . . . . 1 . . . . . . . . . 1 . Siege Activations . | . . . . . . . . . . . . . . . . . . . . . . . . . . . . . . . . . . . . . . Martial Activations . | . . . . . . . . . . . . . . . . . . . . . . . . . . . . . . . . . . . . . . Shielding Activations . | . . . . . . . . . . . . . . . . . . . . . . . . . . . . . . . . . . . . . . Robots Disrupted . | . . . . . . . . . . . . . . . . . . . . . . . . . . . . . . . . . . . . . . Combat Hostiles . | . . . . . . . . . . . . . . . . . . . . . . . . . . . . . . . . . . . . . . Robots Corrupted 21 | . 1 . 6 3 . 9 . 2 . . . . . . . . . . . . . . . . . . . . . . . . . . . . . Combat Hostiles 2 | . . . . . . 2 . . . . . . . . . . . . . . . . . . . . . . . . . . . . . . . Parts Fried 35 | . 5 . 4 4 . 16 . 1 . . . . . . . . . 2 . 2 . . . . . . . . . . . . 1 . . . . Impact Corruptions 53 | . 1 . 13 9 . 28 . 2 . . . . . . . . . . . . . . . . . . . . . . . . . . . . . Robots Melted 1 | . . . . . . . . . . . . . . . . . . . . 1 . . . . . . . . . . . . . . . . . Combat Hostiles 1 | . . . . . . . . . . . . . . . . . . . . 1 . . . . . . . . . . . . . . . . . Parts Melted 4 | . . . . . . . . . 1 . . . . . . . . . . 3 . . . . . . . . . . . . . . . . . Heat Transferred 4706 | 575 1100 . . . . . . . 450 945 125 . . . . . . . . 800 . . . . 150 . . 450 . . . . . . . 111 . Parts Sabotaged . | . . . . . . . . . . . . . . . . . . . . . . . . . . . . . . . . . . . . . . Parts Stolen . | . . . . . . . . . . . . . . . . . . . . . . . . . . . . . . . . . . . . . . Parts Stripped . | . . . . . . . . . . . . . . . . . . . . . . . . . . . . . . . . . . . . . . Power Chain Reactions 1 | . . . . . . . . . . . . . . . . . . . . 1 . . . . . . . . . . . . . . . . . Alert | -11 -10 -10 -9 -9 -9 -8 -8 -8 -8 -8 -7 -7 -7 -7 -7 -7 -6 -6 -6 -6 -6 -6 -6 -5 -5 -5 -5 -5 -5 -5 -4 -4 -4 -3 -3 -2 -1 ------- Run | Yrd Mat Min Mat Min Exi Min Mat Gar Mat Gar Fac Was Fac Low Low Zio Pro Fac Was Fac Low Low Dat Pro Fac Was Fac Upp Upp War Pro Fac Ext Res Tes Res Acc Maximum Alert Level 5 | . 3 1 5 2 . 1 . 4 4 4 5 4 5 . . . . 5 4 5 . . . . 3 2 2 . . . . 4 5 5 5 4 3 Low Security (%) 16 | 100 46 . 17 . . 70 100 13 . . 5 . . . . . . 42 . . . . . . 22 30 15 . . . . 5 . . . . . Level 1 14 | . 13 100 15 1 . 29 . 12 . . 17 . . . . . . 20 . . . . . . 15 51 29 . . . . 27 . . . . . Level 2 16 | . 24 . 26 98 . . . 22 . 2 25 . . . . . . 14 . . . . . . 8 18 54 . . . . 12 8 . . . 11 Level 3 18 | . 15 . 14 . . . . 24 86 60 10 . 24 . . . . 6 23 18 . . . . 54 . . . . . . 34 24 . 9 40 88 Level 4 14 | . . . 18 . . . . 28 12 36 8 100 18 . . . . 10 76 17 . . . . . . . . . . . 19 32 . 74 59 . Level 5 7 | . . . 7 . . . . . . . 31 . . . . . . 5 . 16 . . . . . . . . . . . . . 100 . . . High Security 10 | . . . . . . . . . . . . . 56 . . . . . . 48 . . . . . . . . . . . . 34 . 15 . . Max Security . | . . . . . . . . . . . . . . . . . . . . . . . . . . . . . . . . . . . . . . Sterilizations 2 | . . . 1 . . . . . . . . . . . . . . . . 1 . . . . . . . . . . . . . . . . . Peak Influence 7677 | 15 827 397 1609 670 . 238 105 1581 1195 1294 4161 1489 4126 . . . . 1773 1100 7677 . . . . 930 479 562 . . . . 1409 3630 1870 1724 1335 796 Initial 1818 | . . 322 141 622 . . 90 33 770 664 679 1456 970 . . . . 2 1100 763 . . . . 69 322 67 . . . . 207 690 1818 1045 1100 796 Average 1173 | 1 303 334 658 525 . 151 72 773 894 1034 1315 1442 2195 . . . . 454 1097 3455 . . . . 574 281 388 . . . . 711 1585 1846 1335 1079 738 Influence Increases 41724 | 70 1455 526 2368 558 . 708 71 1668 998 770 5207 70 3666 90 45 . 15 2584 . 7606 465 160 . 330 1293 227 853 515 330 185 695 1935 3567 121 885 1305 383 Destroy 0b10 Robot/C 12580 | . 180 220 1000 300 . 260 20 460 520 460 800 . 740 . . . . 520 . 2440 440 140 . 300 160 . 280 480 300 180 440 220 1360 . 100 220 40 Destroy 0b10 Robot/NC 3155 | 70 265 120 255 50 . 160 10 25 105 . 480 . 175 . . . . 250 . 555 5 . . . 145 . 35 5 . 5 10 145 125 10 35 80 35 Destroy Leader 1940 | . 50 50 262 50 . 30 12 10 124 20 140 . 122 . . . . 130 . 398 20 20 . 30 40 . 34 30 30 . 50 58 146 . 24 58 2 Allied During Kill 1787 | . . 15 . 5 . . . 66 . 4 2 . 278 . . . . . . . . . . . . . 283 . . . . . 1134 . . . . Trap Triggered on 0b10 10 | . . . . . . . . . . . . . . . . . . . . . . . . . 10 . . . . . . . . . . . . Successful Hack 821 | . 44 . 49 . . . 12 14 . 7 138 . 32 . . . . 94 . 113 . . . . 33 . 34 . . . . 71 . 76 39 17 48 Select Force Hacks 30 | . . . 30 . . . . . . . . . . . . . . . . . . . . . . . . . . . . . . . . . . Disable Machine 6810 | . 630 75 495 45 . 105 15 15 30 . 1755 . 1215 . . . . 210 . 1335 . . . . 270 . 150 . . . . 225 . . 150 60 30 Anti-Garrison Action 1250 | . . . . . . . . 900 . 200 . . 150 . . . . . . . . . . . . . . . . . . . . . . . . Destroy Structure 7101 | . 136 31 217 78 . 63 2 163 114 64 692 70 564 . . . . 585 . 1250 . . . . 470 212 22 . . . . 766 592 20 342 570 78 Partial Spotted 795 | . . . . . . . . 15 . . 255 . 15 . . . . 180 . 45 . . . . 45 15 . . . . . 75 30 15 30 45 30 Lose Combat Pursuer 5445 | . 150 15 60 30 . 90 . . 105 15 945 . 375 90 45 . 15 615 . 1470 . . . . 120 . 15 . . . 195 375 180 . 165 255 120 Influence Decreases 41552 | 70 628 991 1134 1488 666 476 252 138 1556 499 2340 2845 926 1607 710 1944 10 816 1163 1019 3138 1112 4052 220 481 1052 590 560 451 219 524 857 1513 1725 1020 1833 927 Entered New Map 26536 | . . 505 221 974 666 . 142 18 811 359 615 2705 416 1527 496 1944 . 3 1153 327 2842 952 4052 . 41 600 30 134 61 194 160 124 719 1645 814 755 531 Time Decay 10704 | 70 627 446 753 494 . 446 110 . 380 . 770 140 350 80 214 . 10 572 10 662 286 160 . 220 350 452 270 416 380 15 364 553 334 80 206 238 246 Search Patrol Dispatched 200 | . . . . . . . . . . . . . . . . . . 200 . . . . . . . . . . . . . . . . . . . Lost Part 731 | . 1 . 10 . . 30 . 20 70 100 . . 20 . . . . 10 . 30 10 . . . 50 . 60 10 10 10 . 20 40 . . 90 140 Lost Ally 1181 | . . 40 . 20 . . . 100 20 40 80 . 140 . . . . 31 . . . . . . 40 . 230 . . . . 10 420 . . . 10 Purge Threat 2200 | . . . 150 . . . . . 275 . 875 . . . . . . . . . . . . . . . . . . . . 150 . . . 750 . Squads Dispatched 250 | . 2 . 10 1 . 1 1 . 5 . 30 . 39 . . . . 19 . 94 . . . . 7 . 4 . . . . 7 19 . 3 6 2 Investigation 16 | . 1 . 2 . . . . . . . 3 . 1 . . . . 6 . 3 . . . . . . . . . . . . . . . . . Extermination 42 | . . . . . . . . . . . 14 . 1 . . . . 8 . 7 . . . . 2 . 1 . . . . 5 . . 1 2 1 Reinforcement 33 | . 1 . 3 . . 1 1 . 4 . 1 . 1 . . . . 5 . 4 . . . . 2 . 2 . . . . 1 3 . 2 1 1 Assault 156 | . . . 5 1 . . . . 1 . 12 . 36 . . . . . . 80 . . . . 2 . 1 . . . . 1 16 . . 1 . Garrison 3 | . . . . . . . . . . . . . . . . . . . . . . . . . 1 . . . . . . . . . . 2 . Intercept . | . . . . . . . . . . . . . . . . . . . . . . . . . . . . . . . . . . . . . . Searches Triggered 2 | . . . . . . . . . . . . . . . . . . 2 . . . . . . . . . . . . . . . . . . . Unchained Authorized 4 | . . . . . . . . . . . . . . . . . . . . . . . . . 1 . 1 . . . . 1 . 1 . . . Data Miner Redirects 1 | . . . . . . . . . . . . . . . . . . . . . . . . . 1 . . . . . . . . . . . . Construction Impeded 20 | . . . 2 . . 1 . . 1 . 1 . . . . . . 3 . 4 . . . . 2 . . . . . . 1 3 . 1 1 . Haulers Reinforced 1 | . . . . . . . . . . . . . . . . . . 1 . . . . . . . . . . . . . . . . . . . Active Scanning Responses . | . . . . . . . . . . . . . . . . . . . . . . . . . . . . . . . . . . . . . . Cargo Convoy Interrupts 1 | . . . . . . . . . . . . . . . . . . 1 . . . . . . . . . . . . . . . . . . . Stealth | -11 -10 -10 -9 -9 -9 -8 -8 -8 -8 -8 -7 -7 -7 -7 -7 -7 -6 -6 -6 -6 -6 -6 -6 -5 -5 -5 -5 -5 -5 -5 -4 -4 -4 -3 -3 -2 -1 --------- Run | Yrd Mat Min Mat Min Exi Min Mat Gar Mat Gar Fac Was Fac Low Low Zio Pro Fac Was Fac Low Low Dat Pro Fac Was Fac Upp Upp War Pro Fac Ext Res Tes Res Acc Distress Signals 40 | . 3 . 2 1 . . . . 3 . 7 . 2 . . . . 6 . 3 . . . . 1 . . . . . . 2 4 . 1 3 2 Communications Jammed . | . . . . . . . . . . . . . . . . . . . . . . . . . . . . . . . . . . . . . . Distress Signals . | . . . . . . . . . . . . . . . . . . . . . . . . . . . . . . . . . . . . . . Times Spotted 927 | . 23 9 64 17 . 18 2 27 44 28 98 9 58 12 4 . 9 64 1 169 6 4 . 5 27 6 13 6 4 8 13 30 82 . 19 25 23 Peak Tracking Total 39 | . 4 3 5 5 . 4 1 5 7 5 9 5 18 6 4 . 5 10 1 39 5 4 . 7 8 2 3 7 4 7 9 7 34 . 8 12 15 Tactical Retreats 166 | . 5 1 2 1 . 3 . . 6 1 36 1 5 5 1 . 3 21 . 36 . . . . 5 . 1 . . . 5 12 4 . 4 5 3 ECM-based Alert Blocks 20 | . . . . . . . . . . . 4 . . 6 . . 8 2 . . . . . . . . . . . . . . . . . . . Traps | -11 -10 -10 -9 -9 -9 -8 -8 -8 -8 -8 -7 -7 -7 -7 -7 -7 -6 -6 -6 -6 -6 -6 -6 -5 -5 -5 -5 -5 -5 -5 -4 -4 -4 -3 -3 -2 -1 ------- Run | Yrd Mat Min Mat Min Exi Min Mat Gar Mat Gar Fac Was Fac Low Low Zio Pro Fac Was Fac Low Low Dat Pro Fac Was Fac Upp Upp War Pro Fac Ext Res Tes Res Acc Traps Triggered 53 | . 2 . 1 . . . 1 5 . 6 10 . 4 . . . . 3 . 8 . . . . 1 . . . 1 . . 3 6 . 1 1 . Indirectly 2 | . . . . . . . . . . . . . . . . . . 1 . 1 . . . . . . . . . . . . . . . . . Trap Hack Attempts 45 | . . . . . . . . . . . . . . . . . . . . . . . . . 45 . . . . . . . . . . . . Triggered 1 | . . . . . . . . . . . . . . . . . . . . . . . . . 1 . . . . . . . . . . . . Disarmed 1 | . . . . . . . . . . . . . . . . . . . . . . . . . 1 . . . . . . . . . . . . Reprogrammed 9 | . . . . . . . . . . . . . . . . . . . . . . . . . 9 . . . . . . . . . . . . Reused 2 | . . . . . . . . . . . . . . . . . . . . . . . . . 2 . . . . . . . . . . . . Traps Extracted . | . . . . . . . . . . . . . . . . . . . . . . . . . . . . . . . . . . . . . . Installed . | . . . . . . . . . . . . . . . . . . . . . . . . . . . . . . . . . . . . . . Triggered 1 | . . . . . . . . . . . . . . . . . . . . . . . . . 1 . . . . . . . . . . . . Most Traps Carried 6 | . . . . . . . . . . . . . . . . . . . . . . . . . . . . . . . 6 6 6 6 6 6 6 Objects Rigged 4 | . 3 . 1 . . . . . . . . . . . . . . . . . . . . . . . . . . . . . . . . . . Machines | -11 -10 -10 -9 -9 -9 -8 -8 -8 -8 -8 -7 -7 -7 -7 -7 -7 -6 -6 -6 -6 -6 -6 -6 -5 -5 -5 -5 -5 -5 -5 -4 -4 -4 -3 -3 -2 -1 ---------- Run | Yrd Mat Min Mat Min Exi Min Mat Gar Mat Gar Fac Was Fac Low Low Zio Pro Fac Was Fac Low Low Dat Pro Fac Was Fac Upp Upp War Pro Fac Ext Res Tes Res Acc Machines Disabled 478 | . 44 5 33 3 . 7 1 7 2 4 117 . 82 . . . . 14 . 96 1 . . . 18 . 10 1 . . 2 15 . . 10 4 2 Max in Single Turn 12 | . 3 1 1 1 . 1 1 1 1 1 5 . 12 . . . . 4 . 10 1 . . . 5 . . 1 . . 1 2 . . 1 2 1 Garrison Access 23 | . . . . . . . . . . . 4 . 3 . . . . 3 . 4 . . . . 1 . 1 . . . . 3 . . 1 1 2 Garrison Relay 9 | . . . . . . . . 6 . 3 . . . . . . . . . . . . . . . . . . . . . . . . . . . Phase Generator 1 | . . . . . . . . . . 1 . . . . . . . . . . . . . . . . . . . . . . . . . . . Machines Repaired . | . . . . . . . . . . . . . . . . . . . . . . . . . . . . . . . . . . . . . . Machines Dismantled 4 | . . . . . . . . 1 . 3 . . . . . . . . . . . . . . . . . . . . . . . . . . . Machines Sabotaged . | . . . . . . . . . . . . . . . . . . . . . . . . . . . . . . . . . . . . . . Overloaded Fab Kills . | . . . . . . . . . . . . . . . . . . . . . . . . . . . . . . . . . . . . . . Hacking | -11 -10 -10 -9 -9 -9 -8 -8 -8 -8 -8 -7 -7 -7 -7 -7 -7 -6 -6 -6 -6 -6 -6 -6 -5 -5 -5 -5 -5 -5 -5 -4 -4 -4 -3 -3 -2 -1 --------- Run | Yrd Mat Min Mat Min Exi Min Mat Gar Mat Gar Fac Was Fac Low Low Zio Pro Fac Was Fac Low Low Dat Pro Fac Was Fac Upp Upp War Pro Fac Ext Res Tes Res Acc Machines Accessed 221 | . 8 . 15 2 4 . 2 2 1 2 34 . 11 1 2 . . 31 . 31 2 3 4 . 9 . 4 2 2 . 1 22 1 4 10 6 5 Terminals 109 | . 7 . 10 1 . . . 2 . 2 19 . 6 . . . . 16 . 13 . 1 . . 4 . 1 1 1 . 1 13 1 1 5 2 2 Fabricators 6 | . . . . . . . . . . . 1 . . . . . . 4 . 1 . . . . . . . . . . . . . . . . . Repair Stations 20 | . 1 . 2 . . . . . . . 2 . 1 . . . . 2 . 4 . . . . 2 . 1 . . . . 1 . 1 2 1 . Recycling Units 27 | . . . 1 . . . . . . . 6 . . . . . . 5 . 5 . . . . 1 . 1 . . . . 5 . 1 . 1 1 Scanalyzers 17 | . . . 2 . . . 1 . . . 2 . 2 . . . . 1 . 4 . . . . 1 . . . . . . . . 1 2 1 . Garrison Access 24 | . . . . . . . 1 . 1 . 4 . 2 . . . . 3 . 4 . . . . 1 . 1 . . . . 3 . . 1 1 2 Total Hacks 623 | . 25 . 42 4 49 . 5 4 2 3 83 . 27 1 2 . . 80 . 114 8 5 26 . 21 . 9 3 2 . 8 46 1 9 21 15 8 Successful 369 | . 10 . 18 1 49 . 3 1 2 1 49 . 16 1 2 . . 46 . 40 8 5 26 . 11 . 5 3 2 . 8 26 . 7 13 10 6 Failed 253 | . 14 . 24 3 . . 2 3 . 2 34 . 11 . . . . 34 . 74 . . . . 10 . 4 . . . . 20 1 2 8 5 2 Catastrophic 34 | . 2 . 1 . . . . 1 . . 3 . 2 . . . . 3 . 15 . . . . 3 . . . . . . 2 . . 1 1 . Database Lockouts 1 | . 1 . . . . . . . . . . . . . . . . . . . . . . . . . . . . . . . . . . . . Manual 227 | . 17 . 16 3 . . . . . . 28 . 8 . . 1 . 49 . 44 . . . . 14 . 5 . . . . 17 . 4 10 10 1 Terminals 292 | . 23 . 28 3 . . . 4 . 3 42 . 16 . . . . 44 . 49 . 3 . . 10 . 3 2 1 . 8 25 1 3 11 8 5 Fabricators 23 | . . . . . . . . . . . 6 . . . . . . 14 . 3 . . . . . . . . . . . . . . . . . Repair Stations 54 | . 2 . 4 . . . . . . . 8 . 3 . . . . 3 . 18 . . . . 4 . 1 . . . . 4 . 2 4 1 . Recycling Units 65 | . . . 1 . . . . . . . 13 . . . . . . 13 . 15 . . . . 4 . 3 . . . . 11 . 2 . 2 1 Scanalyzers 54 | . . . 9 . . . 3 . . . 6 . 4 . . . . 1 . 22 . . . . 1 . . . . . . . . 2 4 2 . Garrison Access 44 | . . . . . . . 2 . 2 . 8 . 4 . . . . 5 . 7 . . . . 2 . 2 . . . . 6 . . 2 2 2 Terminal Hacks 176 | . 4 . 8 1 49 . . 1 . 1 13 . 8 1 2 . . 10 . 6 8 5 26 . 2 . . 3 2 . 8 8 . 1 1 5 3 Record 81 | . . . . . 49 . . . . . . . . . . . . . . . 7 3 11 . . . . 2 1 . 8 . . . . . . Part Schematic 12 | . 1 . . . . . . . . . 1 . . . . . . 2 . . . . 8 . . . . . . . . . . . . . . Robot Schematic 4 | . . . . . . . . . . . . . . . . . . . . . . . 4 . . . . . . . . . . . . . . Robot Analysis 1 | . . . 1 . . . . . . . . . . . . . . . . . . . . . . . . . . . . . . . . . . Prototype ID Bank 12 | . 1 . 4 . . . . . . . . . 1 . . . . 1 . 1 . . 3 . . . . . . . . 1 . . . . . Open Door 11 | . . . . 1 . . . . . 1 . . . 1 2 . . . . . 1 2 . . . . . 1 1 . . 1 . . . . . Level Access Points 2 | . . . . . . . . . . . . . 1 . . . . . . . . . . . . . . . . . . . . . . . 1 Branch Access Points 4 | . . . 1 . . . . . . . . . 1 . . . . . . . . . . . . . . . . . . 1 . 1 . . . Emergency Access Points 1 | . . . . . . . . 1 . . . . . . . . . . . . . . . . . . . . . . . . . . . . . Machine Index 3 | . . . . . . . . . . . 1 . . . . . . 1 . . . . . . . . . . . . . . . . . . 1 Terminal Index 1 | . . . . . . . . . . . . . . . . . . . . 1 . . . . . . . . . . . . . . . . . Repair Station Index 1 | . . . . . . . . . . . . . . . . . . . . 1 . . . . . . . . . . . . . . . . . Unreport Threat 11 | . . . 1 . . . . . . . 4 . . . . . . . . . . . . . . . . . . . . 1 . . . 5 . Locate Traps 11 | . 1 . . . . . . . . . 4 . 2 . . . . . . 1 . . . . . . . . . . . 3 . . . . . Reprogram Traps 1 | . . . . . . . . . . . . . . . . . . . . . . . . . 1 . . . . . . . . . . . . Recall Investigation 2 | . . . . . . . . . . . 1 . . . . . . 1 . . . . . . . . . . . . . . . . . . . Recall Extermination 3 | . . . . . . . . . . . 1 . . . . . . 2 . . . . . . . . . . . . . . . . . . . Hauler Manifests 8 | . . . 1 . . . . . . . 1 . 1 . . . . 1 . 1 . . . . 1 . . . . . . 1 . . 1 . . Registered Components 3 | . . . . . . . . . . . . . 1 . . . . 1 . 1 . . . . . . . . . . . . . . . . . Registered Prototypes 2 | . . . . . . . . . . . . . 1 . . . . 1 . . . . . . . . . . . . . . . . . . . Zone Layout 2 | . 1 . . . . . . . . . . . . . . . . . . . . . . . . . . . . . . . . . . . 1 Fabricator Hacks 10 | . . . . . . . . . . . 2 . . . . . . 6 . 2 . . . . . . . . . . . . . . . . . Load Schematic 6 | . . . . . . . . . . . 1 . . . . . . 4 . 1 . . . . . . . . . . . . . . . . . Build 4 | . . . . . . . . . . . 1 . . . . . . 2 . 1 . . . . . . . . . . . . . . . . . Repair Station Hacks 31 | . 1 . 3 . . . . . . . 6 . . . . . . 2 . 7 . . . . 3 . . . . . . 4 . 2 2 1 . Scan Component 18 | . 1 . 2 . . . . . . . 3 . . . . . . 1 . 5 . . . . 2 . . . . . . 2 . 1 1 . . Repair 12 | . . . 1 . . . . . . . 3 . . . . . . 1 . 2 . . . . 1 . . . . . . 2 . 1 1 . . Refit 1 | . . . . . . . . . . . . . . . . . . . . . . . . . . . . . . . . . . . . 1 . Recycling Unit Hacks 1 | . . . . . . . . . . . . . . . . . . . . . . . . . . . . . . . . . . . . . 1 Retrieve Components 1 | . . . . . . . . . . . . . . . . . . . . . . . . . . . . . . . . . . . . . 1 Scanalyzer 27 | . . . 3 . . . 2 . . . 5 . 2 . . . . . . 9 . . . . 1 . . . . . . . . 1 3 1 . Insert Component 15 | . . . 3 . . . 1 . . . 3 . 2 . . . . . . 4 . . . . . . . . . . . . . . 1 1 . Analyze 6 | . . . . . . . 1 . . . 2 . . . . . . . . 3 . . . . . . . . . . . . . . . . . Retrieve Study 6 | . . . . . . . . . . . . . . . . . . . . 2 . . . . 1 . . . . . . . . 1 2 . . Garrison Access Hacks 43 | . . . . . . . 1 . 2 . 8 . 4 . . . . 5 . 7 . . . . 2 . 2 . . . . 6 . . 2 2 2 Unlock Access 2 | . . . . . . . 1 . 1 . . . . . . . . . . . . . . . . . . . . . . . . . . . . Seal Access 22 | . . . . . . . . . . . 4 . 2 . . . . 3 . 4 . . . . 1 . 1 . . . . 3 . . 1 1 2 Coupler Status 19 | . . . . . . . . . 1 . 4 . 2 . . . . 2 . 3 . . . . 1 . 1 . . . . 3 . . 1 1 . Unauthorized Hacks 81 | . 5 . 4 . . . . . . . 15 . 2 . . . . 23 . 9 . . . . 3 . 3 . . . . 8 . 3 5 1 . Terminals 49 | . 5 . 3 . . . . . . . 5 . 2 . . . . 15 . 5 . . . . 2 . 2 . . . . 4 . 1 5 . . Track 3 | . . . . . . . . . . . . . . . . . . 1 . 1 . . . . . . . . . . . . . . 1 . . Assimilate 10 | . . . . . . . . . . . 2 . . . . . . 5 . 1 . . . . . . . . . . . 1 . . 1 . . Botnet 25 | . 2 . 2 . . . . . . . 2 . 2 . . . . 8 . 2 . . . . 1 . 1 . . . . 2 . 1 2 . . Detonate 4 | . 3 . 1 . . . . . . . . . . . . . . . . . . . . . . . . . . . . . . . . . . Operators 7 | . . . . . . . . . . . 1 . . . . . . 1 . 1 . . . . 1 . 1 . . . . 1 . . 1 . . Fabricators 4 | . . . . . . . . . . . 1 . . . . . . 2 . 1 . . . . . . . . . . . . . . . . . Prioritize 3 | . . . . . . . . . . . 1 . . . . . . 1 . 1 . . . . . . . . . . . . . . . . . Recompile 1 | . . . . . . . . . . . . . . . . . . 1 . . . . . . . . . . . . . . . . . . . Repair Stations . | . . . . . . . . . . . . . . . . . . . . . . . . . . . . . . . . . . . . . . Recycling Units 28 | . . . 1 . . . . . . . 9 . . . . . . 6 . 3 . . . . 1 . 1 . . . . 4 . 2 . 1 . Reject 8 | . . . . . . . . . . . 3 . . . . . . 2 . 1 . . . . . . . . . . . 1 . 1 . . . Recyclers 7 | . . . . . . . . . . . 1 . . . . . . 1 . 1 . . . . 1 . 1 . . . . 1 . . . 1 . Mask 12 | . . . . . . . . . . . 5 . . . . . . 3 . 1 . . . . . . . . . . . 2 . 1 . . . Tunnel 1 | . . . 1 . . . . . . . . . . . . . . . . . . . . . . . . . . . . . . . . . . Scanalyzers . | . . . . . . . . . . . . . . . . . . . . . . . . . . . . . . . . . . . . . . Garrison Access . | . . . . . . . . . . . . . . . . . . . . . . . . . . . . . . . . . . . . . . Data Cores Recovered 1 | . . . . . . . . . . . . . 1 . . . . . . . . . . . . . . . . . . . . . . . . Used 1 | . . . . . . . . . . . . . 1 . . . . . . . . . . . . . . . . . . . . . . . . Hacking Detections 164 | . 8 . 14 1 . . 1 2 . 2 30 . 10 . . . . 20 . 26 . . . . 7 . 4 1 . . 1 17 1 4 7 6 2 Full Trace Events 8 | . . . . . . . . . . . 1 . 1 . . . . 3 . 3 . . . . . . . . . . . . . . . . . Feedback Events 1 | . . . . . . . . . . . . . . . . . . 1 . . . . . . . . . . . . . . . . . . . Hackware Fried 1 | . . . . . . . . . . . . . . . . . . 1 . . . . . . . . . . . . . . . . . . . Feedback Blocked . | . . . . . . . . . . . . . . . . . . . . . . . . . . . . . . . . . . . . . . Robot Schematics Acquired 4 | . . . . . . . . . . . . . . . . . . . . . . . 4 . . . . . . . . . . . . . . Robots Built . | . . . . . . . . . . . . . . . . . . . . . . . . . . . . . . . . . . . . . . Authchips . | . . . . . . . . . . . . . . . . . . . . . . . . . . . . . . . . . . . . . . Time . | . . . . . . . . . . . . . . . . . . . . . . . . . . . . . . . . . . . . . . Total Robot Build Rating . | . . . . . . . . . . . . . . . . . . . . . . . . . . . . . . . . . . . . . . Part Schematics Acquired 13 | . 1 . . . . . . . . . 2 . . . . . . 2 . . . . 8 . . . . . . . . . . . . . . Parts Built 4 | . . . . . . . . . . . 1 . . . . . . 2 . 1 . . . . . . . . . . . . . . . . . Authchips 1 | . . . . . . . . . . . . . . . . . . 1 . . . . . . . . . . . . . . . . . . . Time 160 | . . . . . . . . . . . 23 . . . . . . 84 . 53 . . . . . . . . . . . . . . . . . Total Part Build Rating 22 | . . . . . . . . . . . 5 . . . . . . 11 . 6 . . . . . . . . . . . . . . . . . Part Studies Acquired 6 | . . . . . . . . . . . . . . . . . . . . 2 . . . . 1 . . . . . . . . 1 2 . . Parts Repaired 12 | . . . 1 . . . . . . . 3 . . . . . . 1 . 2 . . . . 1 . . . . . . 2 . 1 1 . . Time 799 | . . . 38 . . . . . . . 150 . . . . . . 108 . 214 . . . . 28 . . . . . . 76 . 49 136 . . Parts Recycled . | . . . . . . . . . . . . . . . . . . . . . . . . . . . . . . . . . . . . . . Recycled Matter . | . . . . . . . . . . . . . . . . . . . . . . . . . . . . . . . . . . . . . . Retrieved Matter . | . . . . . . . . . . . . . . . . . . . . . . . . . . . . . . . . . . . . . . Retrieved Components 2 | . . . . . . . . . . . . . . . . . . . . . . . . . . . . . . . . . . . . . 2 Parts Scanalyzed 3 | . . . 1 . . . . . . . 1 . . . . . . . . . . . . . . . . . . . . . . . . 1 . Part Schematics Acquired 1 | . . . . . . . . . . . 1 . . . . . . . . . . . . . . . . . . . . . . . . . . Parts Damaged 4 | . . . 1 . . . . . . . . . . . . . . . . 1 . . . . . . . . . . . . . . 1 1 . Bothacking | -11 -10 -10 -9 -9 -9 -8 -8 -8 -8 -8 -7 -7 -7 -7 -7 -7 -6 -6 -6 -6 -6 -6 -6 -5 -5 -5 -5 -5 -5 -5 -4 -4 -4 -3 -3 -2 -1 ------------ Run | Yrd Mat Min Mat Min Exi Min Mat Gar Mat Gar Fac Was Fac Low Low Zio Pro Fac Was Fac Low Low Dat Pro Fac Was Fac Upp Upp War Pro Fac Ext Res Tes Res Acc Used RIF Installer 2 | . . . . . . . . 1 . 1 . . . . . . . . . . . . . . . . . . . . . . . . . . . Watcher Feeds 1 | . . . . . . . . . . 1 . . . . . . . . . . . . . . . . . . . . . . . . . . . Robots Hacked 18 | . . . . . 4 . . . 1 4 4 . 1 . . 1 . 1 . . 1 . 1 . . . . . . . . . . . . . . Non-combat 9 | . . . . . 3 . . . 1 . 3 . . . . . . 1 . . 1 . . . . . . . . . . . . . . . . Combat 9 | . . . . . 1 . . . . 4 1 . 1 . . 1 . . . . . . 1 . . . . . . . . . . . . . . Robot Hacks Applied 22 | . . . . . 4 . . . 4 4 5 . 1 . . 1 . 1 . . 1 . 1 . . . . . . . . . . . . . . parse_system 7 | . . . . . 4 . . . . . . . . . . 1 . . . . 1 . 1 . . . . . . . . . . . . . . find_chute 2 | . . . . . . . . . . . 1 . . . . . . 1 . . . . . . . . . . . . . . . . . . . purge_threat 4 | . . . . . . . . . 2 . 2 . . . . . . . . . . . . . . . . . . . . . . . . . . locate_traps 1 | . . . . . . . . . 1 . . . . . . . . . . . . . . . . . . . . . . . . . . . . summon_haulers 1 | . . . . . . . . . 1 . . . . . . . . . . . . . . . . . . . . . . . . . . . . clear_repairs 1 | . . . . . . . . . . . 1 . . . . . . . . . . . . . . . . . . . . . . . . . . overwrite_iff 2 | . . . . . . . . . . 2 . . . . . . . . . . . . . . . . . . . . . . . . . . . formatsys_high 4 | . . . . . . . . . . 2 1 . 1 . . . . . . . . . . . . . . . . . . . . . . . . Relay Couplers Released 48 | . . . . . . . . 28 . 13 . . 3 . . . . . . . . . . . . . 2 . . . . . . . 2 . . Machine Destruction 48 | . . . . . . . . 28 . 13 . . 3 . . . . . . . . . . . . . 2 . . . . . . . 2 . . Attached 10 | . . . . . . . . . 1 2 2 . 1 . . . . . . . . . . . . . 2 . . . . . . . 2 . . Fabnet Peak Effective % . | . . . . . . . . . . . . . . . . . . . . . . . . . . . . . . . . . . . . . . Robots Rewired 30 | . . . . . . . . 9 . 2 . . . . . . . 1 . . . . . 2 . . . . . . . . 16 . . . . Allies Hacked . | . . . . . . . . . . . . . . . . . . . . . . . . . . . . . . . . . . . . . . Hacks Repelled . | . . . . . . . . . . . . . . . . . . . . . . . . . . . . . . . . . . . . . . Allies | -11 -10 -10 -9 -9 -9 -8 -8 -8 -8 -8 -7 -7 -7 -7 -7 -7 -6 -6 -6 -6 -6 -6 -6 -5 -5 -5 -5 -5 -5 -5 -4 -4 -4 -3 -3 -2 -1 -------- Run | Yrd Mat Min Mat Min Exi Min Mat Gar Mat Gar Fac Was Fac Low Low Zio Pro Fac Was Fac Low Low Dat Pro Fac Was Fac Upp Upp War Pro Fac Ext Res Tes Res Acc Total Allies 97 | . . 2 . 1 . . . 9 . 6 3 19 1 . . . . 5 . . . . . 2 . 19 . . . . . 1 29 . . . . Largest Group 19 | . . 2 . 1 . . . 6 1 3 2 19 16 . . . . 2 . . . . . 2 2 19 19 . . . . 1 16 . . . . Highest-Rated Group 788 | . . 45 . 31 . . . 66 16 66 50 475 433 . . . . 36 . . . . . 79 79 702 702 . . . . 10 788 . . . . Highest-Rated Ally 159 | . . 31 . 31 . . . 31 16 29 32 35 90 . . . . 26 . . . . . 49 49 50 50 . . . . 10 159 . . . . Total Orders 5 | . . . . . . . . . . . . . 1 . . . . 2 . . . . . . . . . . . . . . . . . . 2 STAY 2 | . . . . . . . . . . . . . 1 . . . . 1 . . . . . . . . . . . . . . . . . . . FOLLOW 1 | . . . . . . . . . . . . . . . . . . 1 . . . . . . . . . . . . . . . . . . . EXPLORE 2 | . . . . . . . . . . . . . . . . . . . . . . . . . . . . . . . . . . . . . 2 Ally Attacks 625 | . . 6 . 12 . . . 60 6 15 11 108 91 . . . . 2 . . . . . . 5 . 133 . . . . . 176 . . . . Total Damage 15187 | . . 104 . 104 . . . 666 85 177 363 2920 1954 . . . . 38 . . . . . . 171 . 4046 . . . . . 4559 . . . . Kills 93 | . . 3 . . . . . 6 . 3 3 8 19 . . . . . . . . . . . 1 . 16 . . . . . 34 . . . . Allies Corrupted 4 | . . . . . . . . . . . . . 1 . . . . . . . . . . . . . 2 . . . . . 1 . . . . Allies Melted . | . . . . . . . . . . . . . . . . . . . . . . . . . . . . . . . . . . . . . . Intel | -11 -10 -10 -9 -9 -9 -8 -8 -8 -8 -8 -7 -7 -7 -7 -7 -7 -6 -6 -6 -6 -6 -6 -6 -5 -5 -5 -5 -5 -5 -5 -4 -4 -4 -3 -3 -2 -1 ------- Run | Yrd Mat Min Mat Min Exi Min Mat Gar Mat Gar Fac Was Fac Low Low Zio Pro Fac Was Fac Low Low Dat Pro Fac Was Fac Upp Upp War Pro Fac Ext Res Tes Res Acc Active Infowar (turns) 43647 | 130 3059 1102 4046 1313 1160 1066 228 1695 890 964 4558 281 1829 172 446 62 207 2754 26 4837 621 339 28 684 786 1125 583 1001 886 1605 866 1611 1150 178 515 483 361 Optics 5594 | . . . . . . . . . . . 513 . . . . . . . . 2265 621 339 28 684 786 358 . . . . . . . . . . . Sensors 27786 | . . . . . . . . . . 101 4427 281 1753 171 444 62 207 2754 26 4772 621 339 28 684 786 1103 583 1001 886 1605 866 1601 1150 178 515 483 359 IFF 38 | . . . . . . . . . . . . . . . . . . . . . . . . . . . . . . . . . . . . . 38 Terrain 2 | . . . . . . . . . . . . . . . . . . . . . . . . . . . . 2 . . . . . . . . . Structural 33717 | . . . 4046 1313 1160 1066 228 1695 890 964 1754 281 1561 172 445 62 207 2558 . 4770 619 339 28 682 510 . 96 999 886 1605 866 1611 1150 178 515 257 204 Seismic 7739 | 130 3059 1102 3447 . . . . . . . . . . . . . . . . 1 . . . . . . . . . . . . . . . . . T.N.C. 579 | . . . . . . . . . . . . . . . . . . . . 579 . . . . . . . . . . . . . . . . . ECM 128 | . . . . . . . . . . . 66 . . 10 . . 18 33 . . . . . . . . . . . . . . . 1 . . . Robot Analysis Total 1 | . . . 1 . . . . . . . . . . . . . . . . . . . . . . . . . . . . . . . . . . Derelict Logs Recovered 14 | . . 1 . 2 . . . . . . . . . 1 1 . . . . . 1 2 . 2 . . . 1 1 . 2 . . . . . . Drone Launches 2 | . . . . . . . . . . . . . . . . . . . . . . . . . . . . . . . . . . . . . 2 Drone Recoveries . | . . . . . . . . . . . . . . . . . . . . . . . . . . . . . . . . . . . . . . Exploration | -11 -10 -10 -9 -9 -9 -8 -8 -8 -8 -8 -7 -7 -7 -7 -7 -7 -6 -6 -6 -6 -6 -6 -6 -5 -5 -5 -5 -5 -5 -5 -4 -4 -4 -3 -3 -2 -1 ------------- Run | Yrd Mat Min Mat Min Exi Min Mat Gar Mat Gar Fac Was Fac Low Low Zio Pro Fac Was Fac Low Low Dat Pro Fac Was Fac Upp Upp War Pro Fac Ext Res Tes Res Acc Turns Passed 44287 | 401 3083 1102 4046 1313 1160 1118 228 1695 890 964 4612 281 1844 172 449 62 207 2754 26 4864 621 339 28 684 786 1125 585 1001 886 1605 866 1611 1150 178 515 505 531 Spaces Moved 68401 | 130 1809 539 2052 378 664 436 119 858 304 467 11389 480 4543 486 1050 194 551 6732 88 12083 1709 1162 99 1609 1688 424 750 1727 1236 354 2114 4105 2192 462 1421 1112 885 Core 43 | 3 . . . . . . . . . . . . . . . . . 3 . 2 . . . . . . . . . . . . . . . . 35 Treads 399 | . 150 175 51 . . . . 6 12 5 . . . . . . . . . . . . . . . . . . . . . . . . . . . Legs . | . . . . . . . . . . . . . . . . . . . . . . . . . . . . . . . . . . . . . . Wheels 7354 | 127 1659 364 2001 378 664 436 119 852 292 462 . . . . . . . . . . . . . . . . . . . . . . . . . . . Hover 36 | . . . . . . . . . . . 36 . . . . . . . . . . . . . . . . . . . . . . . . . . Flight 60569 | . . . . . . . . . . . 11353 480 4543 486 1050 194 551 6729 88 12081 1709 1162 99 1609 1688 424 750 1727 1236 354 2114 4105 2192 462 1421 1112 850 Fastest Speed 17 | 50 80 125 125 140 155 185 125 110 123 130 26 25 23 23 23 23 23 17 23 17 27 27 27 27 24 32 32 32 28 30 30 25 21 25 20 20 34 Average Speed 40 | 91 111 162 140 152 173 185 125 151 186 148 27 25 23 23 23 23 23 23 23 24 27 27 27 27 30 32 33 35 33 30 33 29 24 26 24 26 37 Slowest Speed 480 | 95 160 240 320 155 185 185 125 240 320 480 150 26 26 23 23 23 23 350 23 350 27 27 27 28 35 32 35 110 35 110 113 105 25 31 25 98 360 Overloaded Moves 226 | . . . . . . . . . . . . . . . . . . 6 . 97 . . . . . . . . . . . . 34 . 59 30 . Propulsion Burnouts . | . . . . . . . . . . . . . . . . . . . . . . . . . . . . . . . . . . . . . . Robots Hopped 196 | . . . . . . . . . . . 56 . 4 2 . . . 15 . 4 1 . . 1 22 . 5 . 2 . . 14 24 . 8 12 26 Potential Cave-ins 1 | . . . . . . . . . . . . . . 1 . . . . . . . . . . . . . . . . . . . . . . . Cave-ins Triggered . | . . . . . . . . . . . . . . . . . . . . . . . . . . . . . . . . . . . . . . Exploration Rate (%) 68 | 5 99 95 99 68 92 97 15 84 30 69 95 95 67 65 87 11 48 78 77 96 99 99 80 99 38 95 11 98 99 21 95 78 88 13 75 24 20 Regions Visited 37 Branch Regions 18 Pre-discovered Areas 5 | . . . 1 1 1 . . . . . . . . . 1 . . . . . . . 1 . . . . . . . . . . . . . . Known Exits Taken 23 | . . . 1 . . . 1 . 1 . . . 1 1 1 1 1 . . 1 1 1 1 1 . . 1 1 1 1 1 1 1 1 1 1 . Unknown Exits Taken 6 | 1 1 1 . 1 1 1 . . . . . . . . . . . . . . . . . . . . . . . . . . . . . . . Scrap Searched 43 | . . 1 . . . 3 . . . . . . . 5 7 1 1 . . . 2 5 . 5 . . . 4 5 . 4 . . . . . . Spaces Dug 795 | . 12 . 34 2 . 37 1 2 54 4 161 . 100 10 5 . 9 96 . 111 8 . . . 27 . 6 5 5 . 4 56 . 11 11 22 2 Terrain Destroyed 8812 | . 141 45 273 140 . 88 1 55 170 45 801 92 594 11 5 . 9 779 . 1584 433 112 . 258 274 219 6 291 161 151 393 445 681 11 234 286 24 Melee 467 | . 4 . 15 2 . . 1 2 2 . 95 . 35 8 2 . 1 75 . 87 8 . . . 27 . 6 5 2 . 2 54 . 7 9 18 . Projectile 167 | . 17 7 10 5 . 9 . . 2 . 19 . 14 3 3 . 8 22 . 17 . . . . . . . 2 3 . 2 2 . 4 2 6 10 AOE 8178 | . 120 38 248 133 . 79 . 53 166 45 687 92 545 . . . . 682 . 1480 425 112 . 258 247 219 . 284 156 151 389 389 681 . 223 262 14 Terrain Rammed . | . . . . . . . . . . . . . . . . . . . . . . . . . . . . . . . . . . . . . . Walls Destroyed . | . . . . . . . . . . . . . . . . . . . . . . . . . . . . . . . . . . . . . . Machines Disabled . | . . . . . . . . . . . . . . . . . . . . . . . . . . . . . . . . . . . . . . Actions | -11 -10 -10 -9 -9 -9 -8 -8 -8 -8 -8 -7 -7 -7 -7 -7 -7 -6 -6 -6 -6 -6 -6 -6 -5 -5 -5 -5 -5 -5 -5 -4 -4 -4 -3 -3 -2 -1 --------- Run | Yrd Mat Min Mat Min Exi Min Mat Gar Mat Gar Fac Was Fac Low Low Zio Pro Fac Was Fac Low Low Dat Pro Fac Was Fac Upp Upp War Pro Fac Ext Res Tes Res Acc Total 80327 | 343 2368 648 2740 1032 672 582 181 1084 492 613 12118 619 5025 518 1248 210 614 7546 92 13317 1798 1179 99 1823 1835 1377 1011 2069 1678 1832 2223 4348 2682 500 1527 1259 1025 Wait 7013 | 164 184 42 323 589 . 45 45 65 54 38 112 119 170 13 180 15 45 444 5 490 12 . . 169 9 910 220 249 395 1454 25 52 252 3 16 16 89 Move 67995 | 129 1808 538 2051 377 663 435 119 857 304 466 11283 479 4534 481 1049 193 550 6702 87 12074 1706 1161 98 1606 1646 423 740 1726 1231 353 2113 4077 2147 461 1404 1088 836 Hop 179 | . . . . . . . . . . . 50 . 4 2 . . . 15 . 4 1 . . 1 20 . 4 . 2 . . 13 21 . 8 11 23 Pick Up 169 | 10 22 1 15 3 2 1 3 9 13 3 10 1 13 . 1 . . 9 . 11 . 3 . 2 3 1 2 3 2 . 1 3 . 1 3 14 4 Fast Attach 115 | 5 1 . 1 1 . 1 . 3 5 4 4 1 4 . 4 . . 4 . 10 1 . . . 8 5 4 3 4 . . 9 1 9 7 5 11 Attach 262 | 2 2 . 3 . . 2 2 . 3 6 12 . 10 1 . 1 . 30 . 62 12 4 . 2 14 1 2 16 7 4 15 11 2 4 6 19 7 Detach 212 | . 1 . . . . . . 1 . 1 9 . 9 1 1 . 1 30 . 56 11 2 . . 11 1 1 14 6 4 15 8 3 4 7 9 6 Swap 523 | . 42 6 86 13 1 12 2 27 18 12 106 5 44 3 3 . 5 52 . 40 2 . . 5 5 . 2 3 3 . . 11 1 2 10 1 1 Drop 225 | . 19 1 20 5 2 1 . 7 10 . 17 2 18 . 4 . . 17 . 21 . 2 . 2 9 4 3 3 5 . 1 9 . 2 11 21 9 Fire 1790 | 33 263 60 194 35 . 60 8 35 44 48 132 12 88 4 4 . 12 94 . 223 35 6 . 29 20 32 2 43 21 17 39 36 64 5 18 36 38 Melee 1469 | . 26 . 45 9 4 25 2 61 39 9 357 . 117 13 2 1 1 149 . 283 18 1 1 7 45 . 31 9 2 . 14 104 19 9 32 34 . Ram 1 | . . . . . . . . . . . . . . . . . . . . . . . . . . . . . . . . . . . . . 1 Kick . | . . . . . . . . . . . . . . . . . . . . . . . . . . . . . . . . . . . . . . Crush 4 | . . . 2 . . . . . 2 . . . . . . . . . . . . . . . . . . . . . . . . . . . . Escape Stasis 220 | . . . . . . . . 11 . 11 26 . 14 . . . . . . 43 . . . . . . . . . . . 15 90 . 5 5 . Rewire 82 | . . . . . . . . . . . . . . . . . . . . . . . . . . . . . . . . . 82 . . . . Trap 45 | . . . . . . . . . . . . . . . . . . . . . . . . . 45 . . . . . . . . . . . . Miscellaneous 23 | . . . . . . . . 8 . 15 . . . . . . . . . . . . . . . . . . . . . . . . . . . Route ------- -11/Scrapyard -10/Materials (discovered 5 exits: *Mat x3 / [*Min x2]) -10/Mines (discovered 2 exits: *Mat x2) -9/Materials (discovered 5 exits: *Mat x3 / *Min x2) -9/Mines (discovered 3 exits: *Mat / *Exi / *Zio) -9/Exiles (discovered 2 exits: [*Min x2]) -8/Mines (discovered 2 exits: *Mat x2) -8/Materials -8/Garrison (discovered 3 exits: *Mat x3) -8/Materials (discovered 2 exits: *Fac / Gar) -8/Garrison (discovered 3 exits: *Fac x3) -7/Factory (discovered 5 exits: *Fac x3 / *Low x2) -7/Waste -7/Factory (discovered 7 exits: *Fac x4 / *Sto / *Low x2) -7/Lower Caves -7/Lower Caves -7/Zion -6/Proximity Caves -6/Factory (discovered 5 exits: *Fac x3 / *Low x2) -6/Waste -6/Factory (discovered 6 exits: *Fac x4 / *Low x2) -6/Lower Caves -6/Lower Caves (discovered 2 exits: *Fac / *Dat) -6/Data Miner -5/Proximity Caves -5/Factory (discovered 2 exits: *Fac x2) -5/Waste -5/Factory -5/Upper Caves -5/Upper Caves (discovered 2 exits: *Fac / *War) -5/Warlord -4/Proximity Caves -4/Factory (discovered 7 exits: *Res x3 / *Upp x2 / *Ext x2) -4/Extension (discovered 2 exits: *Res / *Cet) -3/Research (discovered 4 exits: Res / Arm / *Tes x2) -3/Testing -2/Research -1/Access (discovered 1 exit: Sur) History --------- Turn | Location | Event 20 | -11/Scrapyard | Discovered new exit (range 15) 402 | -11/Scrapyard | Entered Materials 403 | -10/Materials | Build established: Mutant 1010 | -10/Materials | Discovered new exit (range 16) 1674 | -10/Materials | Core integrity fell below 50% 1871 | -10/Materials | Discovered new exit (range 12) 1964 | -10/Materials | Discovered new exit (range 8) 2027 | -10/Materials | Central database locked down 2096 | -10/Materials | Discovered new exit (range 14) 2164 | -10/Materials | Discovered new exit (range 6) 3485 | -10/Materials | Entered Mines 3526 | -10/Mines | Discovered new exit (range 5) 3601 | -10/Mines | Learned Materials emergency access door positions 3616 | -10/Mines | Found a damaged Exp. Sensor Array with a note attached 3619 | -10/Mines | Found Prototype Device 3786 | -10/Mines | Received a Rocket Launcher from a helpful Derelict 4369 | -10/Mines | Discovered new exit (range 15) 4587 | -10/Mines | Entered Materials 4587 | -9/Materials | Evolved 2 slots: Utility x2 4642 | -9/Materials | Repaired Lgt. Nuclear Core 5159 | -9/Materials | Discovered new exit (range 4) 5340 | -9/Materials | Identified Exp. Sensor Array 5726 | -9/Materials | Discovered new exit (range 15) 5953 | -9/Materials | Identified exit to Mines 6132 | -9/Materials | Discovered new exit (range 4) 6587 | -9/Materials | First assault squad dispatched 7027 | -9/Materials | Destroyed 9 combat bots 8250 | -9/Materials | Destroyed 9 combat bots 8292 | -9/Materials | Sterilization system engaged 8292 | -9/Materials | Non-combat units ordered to evacuate 8392 | -9/Materials | Combat units ordered to evacuate 8592 | -9/Materials | Ambient heat levels rising (+10) 8633 | -9/Materials | Entered Mines 8660 | -9/Mines | Met a Derelict who couldn't figure out how to use a Trap Extractor 8677 | -9/Mines | Found a Scrap Suit stashed away for nefarious purposes 8684 | -9/Mines | Learned Materials emergency access door positions 9279 | -9/Mines | Assembled infested the area 9288 | -9/Mines | A Derelict revealed a hidden shortcut to a safe place 9704 | -9/Mines | Learned location of Zion (-7) 9706 | -9/Mines | Met a Derelict testing a Signal Generator 9915 | -9/Mines | Discovered new exit (range 7) 9937 | -9/Mines | Deemed a non-threat by the Exiles lab entrance 9937 | -9/Mines | Discovered new exit (range 5) 9946 | -9/Mines | Entered Exiles 9967 | -9/Exiles | Discovered new exit (range 15) 9988 | -9/Exiles | Met 8R-AWN 10013 | -9/Exiles | Met EX-HEX 10086 | -9/Exiles | Met EX-DEC 10160 | -9/Exiles | Met EX-BIN 10423 | -9/Exiles | Discovered new exit (range 10) 10563 | -9/Exiles | Visited The Gauntlet 11106 | -9/Exiles | Entered Mines 11391 | -8/Mines | Discovered new exit (range 10) 11519 | -8/Mines | Discovered new exit (range 12) 12027 | -8/Mines | Core integrity fell below 50% 12224 | -8/Mines | Entered Materials 12224 | -8/Materials | Evolved 2 slots: Propulsion x2 12452 | -8/Materials | Identified exit to Garrison 12452 | -8/Materials | Entered Garrison 12456 | -8/Garrison | Triggered checkpoint 12518 | -8/Garrison | Garrison Relay disabled 12593 | -8/Garrison | Triggered checkpoint 12670 | -8/Garrison | Triggered checkpoint 12739 | -8/Garrison | Warlord forces raided the area 12779 | -8/Garrison | Garrison Relay disabled 12898 | -8/Garrison | Triggered checkpoint 12910 | -8/Garrison | Triggered checkpoint 12960 | -8/Garrison | Lost 9 allies 13027 | -8/Garrison | Garrison Relay disabled 13090 | -8/Garrison | Triggered checkpoint 13125 | -8/Garrison | Discovered new exit (range 8) 13233 | -8/Garrison | Discovered new exit (range 10) 13251 | -8/Garrison | Build established: Scavenger-Mutant 13254 | -8/Garrison | Triggered checkpoint 13292 | -8/Garrison | Installed Relay Interface Framework 13312 | -8/Garrison | Garrison Relay disabled 13558 | -8/Garrison | Triggered checkpoint 13566 | -8/Garrison | Build established: Mutant 13600 | -8/Garrison | Discovered new exit (range 12) 13640 | -8/Garrison | Garrison Relay disabled 13895 | -8/Garrison | Garrison Relay disabled 14147 | -8/Garrison | Entered Materials 14147 | -8/Materials | Accompanied by 1 ally 14189 | -8/Materials | Build established: Bothacker-Mutant 14547 | -8/Materials | First assault squad dispatched 14833 | -8/Materials | Discovered new exit (range 16) 15037 | -8/Materials | Identified exit to Garrison 15037 | -8/Materials | Entered Garrison 15047 | -8/Garrison | Triggered checkpoint 15063 | -8/Garrison | Core integrity fell below 50% 15120 | -8/Garrison | Garrison Relay disabled 15216 | -8/Garrison | Triggered checkpoint 15366 | -8/Garrison | Lost 3 parts (2n1u) 15432 | -8/Garrison | Discovered new exit (range 10) 15559 | -8/Garrison | Triggered checkpoint 15601 | -8/Garrison | Expanded RIF knowledge: Watcher Feeds 15647 | -8/Garrison | Phase Generator disabled 15662 | -8/Garrison | Discovered new exit (range 3) 15699 | -8/Garrison | Garrison Relay disabled 15739 | -8/Garrison | Triggered checkpoint 15830 | -8/Garrison | Lost 3 parts (2n1w) 15905 | -8/Garrison | Garrison Relay disabled 15925 | -8/Garrison | Core integrity fell below 20% 15979 | -8/Garrison | Discovered new exit (range 10) 16001 | -8/Garrison | Entered Factory 16001 | -7/Factory | Accompanied by 2 allies 16001 | -7/Factory | Evolved 2 slots: Propulsion x1, Utility x1 16340 | -7/Factory | Discovered new exit (range 4) 16341 | -7/Factory | Discovered new exit (range 11) 16341 | -7/Factory | Identified exit to Lower Caves 16344 | -7/Factory | Identified exit to Factory 16391 | -7/Factory | Repaired Broken Exp. Sensor Array? 16594 | -7/Factory | Fabricated Lrn. Missile Launcher? 16801 | -7/Factory | First assault squad dispatched 16819 | -7/Factory | Build established: Hacker-Sprinter 16831 | -7/Factory | Discovered exit to Lower Caves (range 13) 17098 | -7/Factory | Repaired Imp. Sensor Array? 17531 | -7/Factory | Discovered exit to Factory (range 16) 18014 | -7/Factory | Discovered exit to Factory (range 4) 18460 | -7/Factory | Build established: Sprinter 19352 | -7/Factory | Destroyed 11 combat bots 19609 | -7/Factory | Repaired Xenon Bombardment Thruster 19787 | -7/Factory | Build established: Scout 20584 | -7/Factory | High security lockdown imminent 20613 | -7/Factory | Manually triggered Chute Trap 20613 | -7/Factory | Sucked down chute 20613 | -7/Factory | Entered Waste 20628 | -7/Waste | Spotted C-40 Crusher 20629 | -7/Waste | Spotted C-40 Crusher 20629 | -7/Waste | Spotted C-40 Crusher 20629 | -7/Waste | Spotted C-40 Crusher 20630 | -7/Waste | Spotted C-40 Crusher 20654 | -7/Waste | Destroyed C-40 Crusher 20709 | -7/Waste | Spotted C-40 Crusher 20725 | -7/Waste | Discovered new exit (range 13) 20752 | -7/Waste | Warlord forces began an assault 20775 | -7/Waste | Allies destroyed C-40 Crusher 20779 | -7/Waste | Allies destroyed C-40 Crusher 20781 | -7/Waste | Allies destroyed C-40 Crusher 20781 | -7/Waste | Allies destroyed C-40 Crusher 20786 | -7/Waste | Allies destroyed C-40 Crusher 20797 | -7/Waste | Identified exit to Factory 20816 | -7/Waste | Lost 3 allies 20894 | -7/Waste | Entered Factory 20894 | -7/Factory | Accompanied by 16 allies 21055 | -7/Factory | Discovered exit to Lower Caves (range 16) 21207 | -7/Factory | Discovered exit to Factory (range 4) 21294 | -7/Factory | First assault squad dispatched 21330 | -7/Factory | Discovered new exit (range 5) 21372 | -7/Factory | Identified exit to Storage 21469 | -7/Factory | Lost 6 allies 21688 | -7/Factory | High security lockdown imminent 21768 | -7/Factory | High security lockdown engaged 21974 | -7/Factory | Destroyed 8 combat bots 22738 | -7/Factory | Entered Lower Caves 22826 | -7/Lower Caves | Spotted B-75 Beast 22831 | -7/Lower Caves | Learned Factory terminal intel 22864 | -7/Lower Caves | Discovered new exit (range 16) 22891 | -7/Lower Caves | Identified exit to Lower Caves 22910 | -7/Lower Caves | Entered another Lower Caves area 23057 | -7/Lower Caves | Encountered a Warlord checkpoint 23286 | -7/Lower Caves | Discovered new exit (range 5) 23287 | -7/Lower Caves | Identified exit to Zion 23339 | -7/Lower Caves | Found Prototype Device 23339 | -7/Lower Caves | Identified Heart of Steel 23359 | -7/Lower Caves | Entered Zion 23369 | -7/Zion | Discovered new exit (range 16) 23371 | -7/Zion | Received a hallucinogenic algorithm 23371 | -7/Zion | Ran a hallucination algorithm 23421 | -7/Zion | Identified exit to Proximity Caves 23421 | -7/Zion | Entered Proximity Caves 23424 | -6/Proximity Caves | Spotted B-75 Beast 23625 | -6/Proximity Caves | Discovered exit to Factory (range 10) 23628 | -6/Proximity Caves | Entered Factory 23628 | -6/Factory | Evolved 2 slots: Utility x1, Weapon x1 23629 | -6/Factory | Loaded intel: 25 terminal locations 24004 | -6/Factory | Discovered new exit (range 6) 24005 | -6/Factory | Identified exit to Factory 24053 | -6/Factory | Discovered exit to Factory (range 2) 24053 | -6/Factory | Discovered new exit (range 12) 24056 | -6/Factory | Identified exit to Lower Caves 24084 | -6/Factory | Discovered exit to Factory (range 4) 24330 | -6/Factory | Discovered exit to Lower Caves (range 16) 24408 | -6/Factory | Fabricated Lrn. Missile Launcher? 24556 | -6/Factory | Repaired Exp. Sensor Array? 25028 | -6/Factory | Search patrols dispatched 25183 | -6/Factory | Build established: Hacker-Scout 25378 | -6/Factory | Search patrols dispatched 25400 | -6/Factory | Fabricated Smartbomb Launcher? 25672 | -6/Factory | Hacking Suite fried by hacking feedback 25925 | -6/Factory | Cargo convoy interrupted 26108 | -6/Factory | Build established: Scout 26367 | -6/Factory | High security lockdown imminent 26382 | -6/Factory | Manually triggered Chute Trap 26382 | -6/Factory | Sucked down chute 26382 | -6/Factory | Entered Waste 26397 | -6/Waste | EMP discharged 26397 | -6/Waste | Spotted C-40 Crusher 26397 | -6/Waste | Spotted C-40 Crusher 26400 | -6/Waste | Discovered new exit (range 10) 26400 | -6/Waste | Spotted C-40 Crusher 26407 | -6/Waste | Identified exit to Factory 26408 | -6/Waste | Entered Factory 26667 | -6/Factory | Discovered exit to Lower Caves (range 5) 26855 | -6/Factory | Discovered exit to Factory (range 5) 26985 | -6/Factory | Fabricated Smartbomb Launcher? 27016 | -6/Factory | Repaired Broken Smartbomb Launcher? 27053 | -6/Factory | Discovered exit to Factory (range 10) 27108 | -6/Factory | First assault squad dispatched 27170 | -6/Factory | System corruption reached 10% 27298 | -6/Factory | Discovered exit to Factory (range 5) 27988 | -6/Factory | Discovered exit to Factory (range 13) 28590 | -6/Factory | Destroyed 7 combat bots 28803 | -6/Factory | Repaired Broken Exp. Sensor Array? 28912 | -6/Factory | High security lockdown imminent 28992 | -6/Factory | High security lockdown engaged 28999 | -6/Factory | Destroyed 9 combat bots 29256 | -6/Factory | Destroyed 7 combat bots 29548 | -6/Factory | Destroyed 7 combat bots 29700 | -6/Factory | Discovered exit to Lower Caves (range 4) 29978 | -6/Factory | Destroyed 9 combat bots 30023 | -6/Factory | Core integrity fell below 50% 30433 | -6/Factory | Destroyed 12 combat bots 30799 | -6/Factory | Spotted B-75 Beast 30805 | -6/Factory | Sterilization system engaged 30805 | -6/Factory | Non-combat units ordered to evacuate 30905 | -6/Factory | Combat units ordered to evacuate 31105 | -6/Factory | Ambient heat levels rising (+10) 31140 | -6/Factory | Found Launcher Loader 31255 | -6/Factory | Ambient heat levels rising (+10) 31272 | -6/Factory | Entered Lower Caves 31279 | -6/Lower Caves | Encountered a Warlord checkpoint 31419 | -6/Lower Caves | Learned Factory terminal intel 31459 | -6/Lower Caves | Discovered new exit (range 11) 31497 | -6/Lower Caves | Identified exit to Lower Caves 31751 | -6/Lower Caves | Learned Research trap positions 31751 | -6/Lower Caves | Learned Armory terminal intel 31751 | -6/Lower Caves | Learned Research garrison access intel 31893 | -6/Lower Caves | Entered another Lower Caves area 31936 | -6/Lower Caves | Found DCF Scrap (13 items) 31947 | -6/Lower Caves | Learned Factory trap positions 31952 | -6/Lower Caves | Encountered a Warlord checkpoint 31996 | -6/Lower Caves | Discovered exit to Factory (range 5) 32101 | -6/Lower Caves | Entered a destroyed Warlord outpost 32110 | -6/Lower Caves | Learned Factory stockpile data 32154 | -6/Lower Caves | Discovered new exit (range 12) 32156 | -6/Lower Caves | Identified exit to Data Miner 32232 | -6/Lower Caves | Entered Data Miner 32232 | -6/Data Miner | Discovered new exit (range 6) 32236 | -6/Data Miner | Met Data Miner 32245 | -6/Data Miner | Learned location of Section 7 (-2) 32245 | -6/Data Miner | Acquired the access code to Warlord's prototype stash 32250 | -6/Data Miner | Received God Mode back door access code from Data Miner 32260 | -6/Data Miner | Identified exit to Proximity Caves 32260 | -6/Data Miner | Entered Proximity Caves 32426 | -5/Proximity Caves | Found DCF Scrap (10 items) 32504 | -5/Proximity Caves | Destroyed 7 combat bots 32563 | -5/Proximity Caves | Destroyed B-75 Beast 32749 | -5/Proximity Caves | Destroyed 7 combat bots 32944 | -5/Proximity Caves | Entered Factory 32944 | -5/Factory | Accompanied by 2 allies 32944 | -5/Factory | Evolved 2 slots: Power x1, Propulsion x1 32945 | -5/Factory | Loaded intel: 94 trap records 32947 | -5/Factory | Loaded intel: 25 terminal locations 33141 | -5/Factory | Unchained authorized (DW-4LL) 33188 | -5/Factory | Garrison activated, responded to threat 33244 | -5/Factory | First assault squad dispatched 33288 | -5/Factory | Discovered new exit (range 18) 33350 | -5/Factory | DW-4LL burst out of a wall 33455 | -5/Factory | DW-4LL burst out of a wall 33463 | -5/Factory | Repaired Smartbomb Launcher? 33599 | -5/Factory | Discovered new exit (range 15) 33681 | -5/Factory | DW-4LL burst out of a wall 33717 | -5/Factory | Incoming assault squad redirected 33730 | -5/Factory | Manually triggered Chute Trap 33730 | -5/Factory | Sucked down chute 33730 | -5/Factory | Entered Waste 33733 | -5/Waste | Spotted C-40 Crusher 33733 | -5/Waste | Spotted C-40 Crusher 33733 | -5/Waste | Spotted C-40 Crusher 33734 | -5/Waste | Spotted C-40 Crusher 33764 | -5/Waste | Spotted C-40 Crusher 33765 | -5/Waste | Discovered new exit (range 21) 33786 | -5/Waste | Destroyed C-40 Crusher 33791 | -5/Waste | Spotted C-40 Crusher 33803 | -5/Waste | Destroyed C-40 Crusher 33809 | -5/Waste | Identified exit to Factory 33816 | -5/Waste | Destroyed C-40 Crusher 33851 | -5/Waste | Destroyed C-40 Crusher 33867 | -5/Waste | Destroyed C-40 Crusher 33882 | -5/Waste | Destroyed C-40 Crusher 33902 | -5/Waste | Found Prototype Reactor 33902 | -5/Waste | Identified Zero-point Reactor 33928 | -5/Waste | Warlord forces began an assault 34855 | -5/Waste | Entered Factory 34855 | -5/Factory | Accompanied by 19 allies 35042 | -5/Factory | Unchained authorized (DW-4LL) 35155 | -5/Factory | First assault squad dispatched 35239 | -5/Factory | DW-4LL burst out of a wall 35286 | -5/Factory | System corruption reached 10% 35292 | -5/Factory | Lost 5 allies 35332 | -5/Factory | Lost 6 parts (1p1n3u1w) 35435 | -5/Factory | Discovered new exit (range 5) 35436 | -5/Factory | Identified exit to Upper Caves 35440 | -5/Factory | Entered Upper Caves 35758 | -5/Upper Caves | Learned 4 Factory zone layouts 35786 | -5/Upper Caves | Discovered new exit (range 7) 35798 | -5/Upper Caves | Identified exit to Upper Caves 36018 | -5/Upper Caves | Learned Armory terminal intel 36128 | -5/Upper Caves | Destroyed 7 combat bots 36441 | -5/Upper Caves | Entered another Upper Caves area 36536 | -5/Upper Caves | Discovered new exit (range 15) 36674 | -5/Upper Caves | Identified exit to Warlord 36887 | -5/Upper Caves | Found DCF Scrap (15 items) 37192 | -5/Upper Caves | Build established: Derelict-Scout 37327 | -5/Upper Caves | Entered Warlord 37828 | -5/Warlord | System corruption cleaned by Quarantine Array 37848 | -5/Warlord | Discovered new exit (range 14) 37858 | -5/Warlord | Identified exit to Proximity Caves 38627 | -5/Warlord | Warlord's base attacked by MAIN.C 38911 | -5/Warlord | Destroyed 10 combat bots 38932 | -5/Warlord | Entered Proximity Caves 38932 | -4/Proximity Caves | Spotted B-86 Titan 38977 | -4/Proximity Caves | Lost 3 parts (1p1n1u) 39204 | -4/Proximity Caves | Discovered new exit (range 11) 39209 | -4/Proximity Caves | Identified exit to Factory 39360 | -4/Proximity Caves | Learned location of 1 exit from Research 39428 | -4/Proximity Caves | Learned Research garrison access intel 39466 | -4/Proximity Caves | Attracted the attention of an 0b10 base 39653 | -4/Proximity Caves | Learned Factory garrison access intel 39653 | -4/Proximity Caves | Learned Armory security intel 39653 | -4/Proximity Caves | Learned Extension security intel 39653 | -4/Proximity Caves | Learned 8 Research zone layouts 39798 | -4/Proximity Caves | Entered Factory 39798 | -4/Factory | Evolved 2 slots: Utility x2 39799 | -4/Factory | Identified exit to Research 39800 | -4/Factory | Loaded intel: 4 garrison access locations 40151 | -4/Factory | Identified exit to Upper Caves 40151 | -4/Factory | Identified exit to Extension 40307 | -4/Factory | Discovered exit to Research (range 12) 40803 | -4/Factory | Repaired Imp. Weapon Shielding 40843 | -4/Factory | Repaired Imp. Utility Shielding? 40881 | -4/Factory | Build established: Scout 41015 | -4/Factory | Discovered exit to Research (range 15) 41048 | -4/Factory | First assault squad dispatched 41313 | -4/Factory | Unchained authorized (DW-4LL) 41409 | -4/Factory | Entered Extension 41470 | -4/Extension | Rescued a captive Derelict 41471 | -4/Extension | Rescued a captive Derelict 41475 | -4/Extension | Rescued a captive Derelict 41481 | -4/Extension | Rescued a captive Derelict 41499 | -4/Extension | P-70 Sage assimilated allied IL-8JC(h) 41528 | -4/Extension | Lost 3 allies 41617 | -4/Extension | Rescued a captive Derelict 41618 | -4/Extension | Rescued a captive Derelict 41659 | -4/Extension | First assault squad dispatched 41689 | -4/Extension | Rescued a captive Derelict 41691 | -4/Extension | Rescued a captive Derelict 41702 | -4/Extension | Rescued a captive Derelict 41812 | -4/Extension | Destroyed 7 combat bots 42162 | -4/Extension | High security lockdown imminent 42167 | -4/Extension | Spotted B-86 Titan 42176 | -4/Extension | Build established: Commander-Scout 42177 | -4/Extension | Lost 3 allies 42180 | -4/Extension | Allies destroyed B-86 Titan 42185 | -4/Extension | Spotted B-86 Titan 42205 | -4/Extension | Destroyed B-86 Titan 42242 | -4/Extension | High security lockdown engaged 42323 | -4/Extension | Rescued a captive Derelict 42341 | -4/Extension | Rescued a captive Derelict 42343 | -4/Extension | Rescued a captive Derelict 42357 | -4/Extension | Rescued A7 42546 | -4/Extension | P-70 Sage assimilated allied 8A-YHT(g) 42554 | -4/Extension | Discovered exit to Research (range 16) 42555 | -4/Extension | Discovered new exit (range 15) 42558 | -4/Extension | Identified exit to Cetus 42559 | -4/Extension | Entered Research 42559 | -3/Research | Evolved 2 slots: Utility x2 42560 | -3/Research | Identified exit to Armory 42561 | -3/Research | Identified exit to Research 42563 | -3/Research | Loaded intel: 46 trap records 42564 | -3/Research | Loaded intel: 3 garrison access locations 42573 | -3/Research | Found Unknown Launcher 42573 | -3/Research | Identified Gamma Bomb Array 42584 | -3/Research | Lost 11 allies 42588 | -3/Research | Lost 4 parts (1p1n1u1w) 42594 | -3/Research | Identified exit to Testing 42625 | -3/Research | Repaired Diametric Drive? 42712 | -3/Research | Unchained authorized (DW-4LL) 42737 | -3/Research | Entered Testing 42813 | -3/Testing | Found Prototype Launcher 42813 | -3/Testing | Identified Z-bomb Delivery System 42984 | -3/Testing | Build established: Hacker-Scout 43022 | -3/Testing | Found Prototype Energy Cannon 43022 | -3/Testing | Identified Cld. Nova Cannon 43041 | -3/Testing | Found Prototype Hackware 43041 | -3/Testing | Identified System Mapper 43068 | -3/Testing | Discovered exit to Research (range 7) 43143 | -3/Testing | Found Prototype Energy Gun 43143 | -3/Testing | Identified Tachyon Dispersion Ray 43167 | -3/Testing | Repaired Broken Exp. Sensor Array? 43171 | -3/Testing | High security lockdown imminent 43251 | -3/Testing | High security lockdown engaged 43252 | -3/Testing | Entered Research 43252 | -2/Research | Evolved 2 slots: Utility x2 43253 | -2/Research | Loaded intel: 4 garrison access locations 43327 | -2/Research | Garrison activated, responded to threat 43455 | -2/Research | Destroyed 8 combat bots 43502 | -2/Research | Garrison activated, responded to threat 43698 | -2/Research | Lost 8 parts (2p3n2u1w) 43731 | -2/Research | Discovered new exit (range 10) 43734 | -2/Research | Identified exit to Access 43752 | -2/Research | First assault squad dispatched 43757 | -2/Research | Entered Access 43757 | -1/Access | Evolved 2 slots: Utility x2 44076 | -1/Access | Identified exit to Surface 44235 | -1/Access | Spotted B-99 Colossus 44236 | -1/Access | Spotted B-99 Colossus 44248 | -1/Access | Lost 8 parts (1p2n5u) 44267 | -1/Access | Core integrity fell below 50% 44278 | -1/Access | Core integrity fell below 20% 44288 | -1/Access | Destroyed by P-80 Master with Gamma Rifle Last Messages --------------- 44268_ S-43 Plague destroyed. 44272_ Smartbomb Launcher destroyed. 44277_ Slug penetrates P-80 Master. 44277_ Penetrated by Slug. 44277_ Slug penetrates P-80 Master. 44277_ Penetrated by Slug. 44277_ Imp. Hacking Suite destroyed. 44279_ P-80 Master resets P-80 Master, system corruption cleaned. 44280_ The unstable cave ceiling collapses. 44282_ Slug penetrates Wall. 44282_ Penetrated by Slug. 44283_ Drone sends a signal. 44283_ P-80 Master resets S-43 Plague, system corruption cleaned. 44284_ S-43 Plague suffers critical hit (Blast). 44284_ Destroyed Xenon Bombardment Thruster. 44284_ S-43 Plague destroyed. 44285_ Drone sends a signal. 44285_ Penetrated by Slug. 44285_ Slug penetrates Wall. [Achievement: Rambo] Map ----- +----------------------------------------------------+ | ????????????????# #?????????????# # #????? | | ????????????????# #?????????????# # #????? | | ????????????????# #?????????????# # #????? | | ????????????????# #?????????????# # #????? | | ????????????????# #?????????????# " # ###### | | ?? ########## ####??????????? """ + | | ? % #??????????? """ # ###### | | ? ##?????????? " # #????? | | ? ##?????????########### ##???? | | ?? ##??????????????????# ##### | | ?? ####+##### #???????????????????# + | | ??? ??# !??# #???????????????????# ### # | | ???????# # #???????????????????##+##???? | | ???????# " + ##############??????? ????? | | ???????# """ #BB # #??????? ????? | | ???????# """??#BB # #?????? ???? | | ???????# ????# # #?????? ???? | | ???????? ??????# # #?????# ! ??? | | ????????????????# # #?????# ??? | | ????????????????# ; " #?????########?? | | ????????????????# ; ] """ #??????????????? | | ????????????????# # """#??????????????? | | ????????????????# ; " #??????????????? | | ????????????????# # #??????????????? | | ????????????????# # #??????????????? | | ????????????????# # @%% s #??????????????? | | ???????########## ####ps###p##+#??????????????? | | ???????# + #?# p= +??????????????? | | ???????# # #?#p% ##### #??????????????? | | ???????# ! # ### #????????????????????? | | ???????# !!!! # #????????????????????? | | ???????# !*! #????????????????????? | | ???????# ! ! # % % #????????????????????? | | ???????# ] #????????????????????? | | ???????# * ] +????????????????????? | | ???????# % ! #????????????????????? | | ???????####### +????????????????????? | | ?????????????# #????????????????????? | | ????????????###### #######????????????????????? | | ????????????# #???????????????????????? | | ????????????# #???????????????????????? | | ????????????# #???????????????????????? | | ????????????# #???????????????????????? | | ????????????# #???????????????????????? | | ????????????# " #???????????????????????? | | ????????????# [ """ #???????????????????????? | | ????????????# """ #???????????????????????? | | ????????????# " #???????????????????????? | | ????????????# #???????????????????????? | | ????????????# ???#???????????????????????? | +----------------------------------------------------+ Best States ------------- Heat Dissipation 52 Energy Generation 39 Energy Capacity 340 Matter Stores 300 Matter Capacity 300 Sight Range 22 Robot Scan Range 20 Terrain Scan Density 210 ECM Strength 2 Armor Coverage 600 Resistance: EM 25 Utility Shielding 66 Weapon Shielding 66 Evasion (%) 74 Recoil Reduction 3 Matter Filtering 30 Offensive Hacking 44 Defensive Hacking 22 Relay Coupler Types 2 Relay Coupler Value 33 Authchip Count 1 Trap Extractor Capacity 8 Item Schematics ----------------- ECM Suite | -10/Materials | Hacked Lrn. Missile Launcher | -7/Factory | Hacked Cmb. Airjet | -7/Factory | Scanalyzed Launcher Loader | -6/Factory | Hacked Smartbomb Launcher | -6/Factory | Hacked Combat Drone Bay | -6/Data Miner | Free Lgt. Regenerative Plating | -6/Data Miner | Free Enh. Flexi-carbon Leg | -6/Data Miner | Free Prc. Matter Filter | -6/Data Miner | Free Tesla Bomb Launcher | -6/Data Miner | Free Myomer Leg | -6/Data Miner | Free Nanoactuators | -6/Data Miner | Free Dispersion Rifle | -6/Data Miner | Free Robot Schematics ------------------ Y-54 Guardian | -6/Data Miner | Free S-27 Virus | -6/Data Miner | Free Y-64 Sentinel | -6/Data Miner | Free P-70 Sage | -6/Data Miner | Free Fabricated ------------ Lrn. Missile Launcher | x1 | -7/Factory Lrn. Missile Launcher | x1 | -6/Factory Smartbomb Launcher | x1 | -6/Factory | Authchip Smartbomb Launcher | x1 | -6/Factory Repaired ---------- Lgt. Nuclear Core | 14% | -9/Materials Exp. Sensor Array | 62% | -7/Factory | Broken Imp. Sensor Array | 36% | -7/Factory Xenon Bombardment Thruster | 10% | -7/Factory Exp. Sensor Array | 31% | -6/Factory Smartbomb Launcher | 60% | -6/Factory | Broken Exp. Sensor Array | 99% | -6/Factory | Broken Smartbomb Launcher | 26% | -5/Factory Imp. Weapon Shielding | 41% | -4/Factory Imp. Utility Shielding | 68% | -4/Factory Diametric Drive | 1% | -3/Research Exp. Sensor Array | 99% | -3/Testing | Broken Studied --------- Lrn. Missile Launcher | -6/Factory | Hacked Lgt. Nuclear Core | -6/Factory | Hacked Field Propulsion Drive | -5/Factory | Hacked Field Propulsion Array | -3/Research | Hacked Mic. Antimatter Reactor | -3/Testing | Hacked Nova Cannon | -3/Testing | Hacked Alien Tech Used ----------------- None Achievements -------------- Infiltrator Into The Furnace Let's See Who's Tougher Most Wanted Professional Mechanic Rambo Thread The Needle Around The Corner Watch This! Challenges ------------ None Game ------ Seed TripodNanofilamentsShifter Manual? 0 Play Time 18:18:10 Cumulative 61.5 hours Start 2025.12.02 @ 10:24:24 End 2025.12.04 @ 20:54:34 Sessions 33 Manual Loads 0 Difficulty Rogue Special Mode None Game No. 4 Rogue 4 Adventurer 0 Explorer 0 Win Type - Total 2 Types 0/0/0/1/0/1/0/0/0/0 Lore% 27 Gallery% 35 Achievement% 44 Wizard Run 0 Options --------- Layout 0 ASCII 0 Keyboard 1 Movement Arrows Keybinds 0 Fullscreen 1 Font 12/Cog Map View 83x54 Zoom Use 0% Tactical HUD 1 Map Filters NONE Filters NONE Steam 0 RUN: e0afd36b-1daa-4911-9626-27f7addb4cdd